 Dungeon Crawl Stone Soup version 0.32-a0-665-g3d30ec2 (webtiles) character file.

Game seed: 1057456585245945546

1381896 KeepCalm the Grand Master (level 27, -6/224 HPs)
             Began as an Octopode Shapeshifter on Mar 9, 2024.
             Was a High Priest of Wu Jian.
             Killed from afar by a salamander tyrant (31 damage)
             ... on level 22 of a ziggurat.
             The game lasted 03:57:20 (105955 turns).

KeepCalm the Grand Master (Octopode Shapeshifter) Turns: 105955, Time: 03:57:21

Health: -6/224     AC:  1    Str: 32    XL:     27
Magic:  48/48      EV: 64    Int: 20    God:    Wu Jian [*****.]
Gold:   8886       SH: 42    Dex: 48    Spells: 43/69 levels left

rFire   + +          +
                       - Unarmed
rCold   + + +        o - +8 tower shield {rF+}
rNeg    + + +        V - +0 hat of the Holding Gods {Regen+ Int+2 Slay+2}
rPois   ∞            Y - amulet of Nattoxog {rF+ Regen+ Str+10 Int-5}
rElec   +            c - ring "Uschipt" {rElec Int+6 SInv}
rCorr   +            b - ring "Kaisosse" {rN+ rCorr Int+2 Dex+6 Stlth-}
SInv    +            k - ring of the Changing Gods {rN+ Will+ Str+2 Int+4 Slay+6}
Will    +++++        l - ring of the Continents {Will+ Int+3 SInv}
Stlth   +++++++++    T - ring "Reur" {Ice rElec Int-3 Dex+3 Slay+5}
HPRegen 2.17/turn    H - ring of Joymao Atta {rF+ Int+3}
MPRegen 0.31/turn    m - ring of Voekhih {Ice rN+ Dex+3 Slay+2}
                     q - +6 ring of dexterity

%: clarity
@: brilliant, death-form, weakened, studying 2 skills
A: vile attack, torment immunity, no potions, almost no armour, amphibious, 8
rings, camouflage 1, gelatinous body 1, (nimble swimmer 1), tentacles, see
invisible, agile 2, clarity, strong 1
}: 15/15 runes: serpentine, barnacled, slimy, silver, golden, iron, obsidian,
icy, bone, abyssal, demonic, glowing, magical, fiery, dark
a: Siphon Essence, Begin Untransformation, Renounce Religion, Wall Jump,
Serpent's Lash, Heavenly Storm


You were on level 22 of a ziggurat.
You worshipped Wu Jian.
Wu Jian was extremely pleased with you.
You were an undying horror.
You visited 17 branches of the dungeon, and saw 87 of its levels.
You visited Pandemonium 1 time, and saw 20 of its levels.
You visited the Abyss 2 times.
You visited 1 ziggurat, and saw 22 of its levels.
You also visited: Sewer, Ossuary and Ice Cave.

You collected 39913 gold pieces.
You spent 10250 gold pieces at shops.
You paid 20777 gold pieces to Gozag.

Inventory:

Armour
 o - a +8 tower shield of fire resistance (worn)
 V - the +0 hat of the Holding Gods (worn) {Regen+ Int+2 Slay+2}
   (You found it on level 3 of the Tomb of the Ancients)

   Int+2:     It affects your intelligence (+2).
   Slay+2:    It affects your accuracy & damage with ranged weapons and melee
   (+2).
   Regen+:    It increases your rate of health regeneration.
Jewellery
 b - the ring "Kaisosse" (right tentacle) {rN+ rCorr Int+2 Dex+6 Stlth-}
   (You bought it in a shop on level 3 of the Snake Pit)

   [ring of dexterity]

   Int+2:     It affects your intelligence (+2).
   Dex+6:     It affects your dexterity (+6).
   rN+:       It protects you from negative energy.
   rCorr:     It protects you from acid and corrosion.
   Stlth-:    It makes you less stealthy.
 c - the ring "Uschipt" (left tentacle) {rElec Int+6 SInv}
   (You found it on level 7 of Gehenna)

   [ring of see invisible]

   Int+6:     It affects your intelligence (+6).
   rElec:     It insulates you from electricity.
   SInv:      It lets you see invisible.
 k - the ring of the Changing Gods (on tentacle) {rN+ Will+ Str+2 Int+4 Slay+6}
   (You took it off a yaktaur on level 5 of the Vaults)

   [ring of positive energy]

   Str+2:     It affects your strength (+2).
   Int+4:     It affects your intelligence (+4).
   Slay+6:    It affects your accuracy & damage with ranged weapons and melee
   (+6).
   rN+:       It protects you from negative energy.
   Will+:     It increases your willpower.
 l - the ring of the Continents (on tentacle) {Will+ Int+3 SInv}
   (You found it on level 2 of the Vaults)

   [ring of see invisible]

   Int+3:     It affects your intelligence (+3).
   Will+:     It increases your willpower.
   SInv:      It lets you see invisible.
 m - the ring of Voekhih (on tentacle) {Ice rN+ Dex+3 Slay+2}
   (You found it on level 7 of Cocytus)

   [ring of ice]

   Ice:       It enhances your ice magic.
   Dex+3:     It affects your dexterity (+3).
   Slay+2:    It affects your accuracy & damage with ranged weapons and melee
   (+2).
   rF-:       It makes you vulnerable to fire.
   rC+:       It protects you from cold.
   rN+:       It protects you from negative energy.
 q - a +6 ring of dexterity (on tentacle)
 r - the ring "Kytegist" {rElec rCorr Str+6 Dex+2}
   (You found it on level 13 of a ziggurat)

   [ring of strength]

   Str+6:     It affects your strength (+6).
   Dex+2:     It affects your dexterity (+2).
   rElec:     It insulates you from electricity.
   rCorr:     It protects you from acid and corrosion.
 t - the ring "Biubat" {^Contam rPois rN+ Will+}
   (You found it on level 2 of a ziggurat)

   [ring of poison resistance]

   rPois:     It protects you from poison.
   rN+:       It protects you from negative energy.
   Will+:     It increases your willpower.
   ^Contam:   It causes magical contamination when unequipped.
 H - the ring of Joymao Atta (on tentacle) {rF+ Int+3}
   (You found it on level 7 of Gehenna)

   [ring of protection from fire]

   Int+3:     It affects your intelligence (+3).
   rF+:       It protects you from fire.
 N - the ring of New Discoveries {Ice rN+ Str+3 Int+3}
   (You found it on level 4 of a ziggurat)

   [ring of ice]

   Ice:       It enhances your ice magic.
   Str+3:     It affects your strength (+3).
   Int+3:     It affects your intelligence (+3).
   rF-:       It makes you vulnerable to fire.
   rC+:       It protects you from cold.
   rN+:       It protects you from negative energy.
 P - the ring "Aschigg" {rPois Dex+2}
   (You found it on level 6 of a ziggurat)

   [ring of poison resistance]

   Dex+2:     It affects your dexterity (+2).
   rPois:     It protects you from poison.
 Q - the ring "Mamimeul" {rC++ SInv}
   (You found it on level 11 of a ziggurat)

   [ring of see invisible]

   rC++:      It greatly protects you from cold.
   SInv:      It lets you see invisible.
 R - the ring "Pupotom" {^Drain rPois rF+ rCorr Str+2}
   (You found it on level 8 of a ziggurat)

   [ring of poison resistance]

   Str+2:     It affects your strength (+2).
   rF+:       It protects you from fire.
   rPois:     It protects you from poison.
   rCorr:     It protects you from acid and corrosion.
   ^Drain:    It drains your maximum health when unequipped.
 T - the ring "Reur" (on tentacle) {Ice rElec Int-3 Dex+3 Slay+5}
   (You found it in an ice cave)

   [ring of ice]

   Ice:       It enhances your ice magic.
   Int-3:     It affects your intelligence (-3).
   Dex+3:     It affects your dexterity (+3).
   Slay+5:    It affects your accuracy & damage with ranged weapons and melee
   (+5).
   rF-:       It makes you vulnerable to fire.
   rC+:       It protects you from cold.
   rElec:     It insulates you from electricity.
 X - the ring "Hicecs" {rElec rPois MP+9 SInv}
   (You found it on level 18 of a ziggurat)

   [ring of magical power]

   rElec:     It insulates you from electricity.
   rPois:     It protects you from poison.
   MP+9:      It affects your magic capacity (+9).
   SInv:      It lets you see invisible.
 Y - the amulet of Nattoxog (around mantle) {rF+ Regen+ Str+10 Int-5}
   (You took it off a balrug on level 7 of Gehenna)

   [amulet of regeneration]

   Str+10:    It affects your strength (+10).
   Int-5:     It affects your intelligence (-5).
   rF+:       It protects you from fire.
   Regen+:    It increases your rate of health regeneration.
Talismans
 J - the death talisman of Getugis (active) {rF++ Str+3 Int-2 Stlth+}
   (You found it on level 7 of Tartarus)

   [talisman of death]

   Str+3:     It affects your strength (+3).
   Int-2:     It affects your intelligence (-2).
   rF++:      It greatly protects you from fire.
   Stlth+:    It makes you more stealthy.
Wands
 i - a wand of digging (25)
 u - a wand of light (108)
Scrolls
 a - 8 scrolls of blinking
 d - 35 scrolls of teleportation
 e - 9 scrolls of fear
 g - 15 scrolls of immolation
 v - 6 scrolls of revelation
 y - 6 scrolls of silence
 z - 9 scrolls of poison
 K - 24 scrolls of fog
 M - a scroll of summoning
Potions
 f - 13 potions of attraction
 h - 3 potions of might
 j - 18 potions of curing
 n - 5 potions of invisibility
 p - 15 potions of brilliance
 s - 29 potions of heal wounds
 w - 3 potions of resistance
 x - 7 potions of cancellation
 C - 8 potions of lignification
 D - 7 potions of haste
 E - 3 potions of magic
 F - 7 potions of berserk rage
 G - 14 potions of enlightenment
 I - 20 potions of mutation
 O - 6 potions of ambrosia
Miscellaneous
 B - the horn of Geryon (inert)
 L - a lightning rod (2/4) (quivered)
 S - a tin of tremorstones (inert)
 U - a figurine of a ziggurat
 W - a sack of spiders (inert)
 Z - a phantom mirror


   Skills:
 O Level 27 Fighting
 O Level 27 Dodging
 - Level 15.0 Stealth
 O Level 27 Shields
 O Level 27 Unarmed Combat
 - Level 21.7 Spellcasting
 - Level 10.0 Hexes
 - Level 22.2 Translocations
 - Level 10.0 Air Magic
 + Level 22.6 Evocations
 O Level 27 Shapeshifting


You had 43 spell levels left.
You knew the following spells:

 Your Spells              Type           Power      Damage    Failure   Level
a - Apportation           Tloc           100%       N/A       0%          1
b - Dispersal             Tloc           52%        N/A       1%          6
c - Silence               Hex/Air        37%        N/A       1%          5
d - Disjunction           Tloc           52%        N/A       1%          8
q - Blink                 Tloc           100%       N/A       0%          2
r - Passage of Golubria   Tloc           100%       N/A       0%          4

Your spell library contained the following spells:

 Spells                   Type           Power      Damage    Failure   Level
 Gell's Gravitas          Tloc           100%       N/A       0%          3
 Teleport Other           Tloc           100%       N/A       0%          3
 Foxfire                  Conj/Fire      100%       2x1d9     1%          1
 Freeze                   Ice            100%       1d10      1%          1
 Kiss of Death            Conj/Necr      100%       2d13      1%          1
 Magic Dart               Conj           100%       1d8       1%          1
 Necrotise                Necr           100%       1d9       1%          1
 Sandblast                Erth           64%        2d14      1%          1
 Shock                    Conj/Air       100%       1d9       1%          1
 Slow                     Hex            100%       N/A       1%          1
 Sting                    Conj/Alch      100%       1d9       1%          1
 Summon Small Mammal      Summ           100%       N/A       1%          1
 Cigotuvi's Dreadful Rot  Necr/Alch/Air  100%       N/A       1%          2
 Ensorcelled Hibernation  Hex/Ice        100%       N/A       1%          2
 Jinxbite                 Hex            100%       N/A       1%          2
 Mercury Vapours          Alch/Air       100%       N/A       1%          2
 Momentum Strike          Conj/Tloc      100%       3d10      1%          2
 Confusing Touch          Hex            75%        N/A       1%          3
 Dazzling Flash           Conj/Hex       100%       N/A       1%          3
 Inner Flame              Hex/Fire       58%        N/A       1%          3
 Mephitic Cloud           Conj/Alch/Air  51%        N/A       1%          3
 Sigil of Binding         Hex            75%        N/A       1%          3
 Swiftness                Air            75%        N/A       1%          3
 Tukima's Dance           Hex            75%        N/A       1%          3
 Volatile Blastmotes      Fire/Tloc      100%       2d18      1%          3
 Airstrike                Air            37%        2d(6-22)  1%          4
 Cause Fear               Hex            37%        N/A       1%          4
 Dimensional Bullseye     Hex/Tloc       46%        N/A       1%          4
 Iskenderun's Mystic Bla  Conj/Tloc      78%        2d16      1%          4
 Vhi's Electric Charge    Tloc/Air       100%       N/A       1%          4
 Summon Forest            Summ/Tloc      39%        N/A       1%          5
 Anguish                  Hex/Necr       29%        N/A       2%          4
 Call Imp                 Summ           64%        N/A       3%          2
 Scorch                   Fire           64%        2d7       3%          2
 Searing Ray              Conj           64%        2d6       3%          2
 Sublimation of Blood     Necr           32%        N/A       3%          2
 Call Canine Familiar     Summ           32%        N/A       6%          3
 Frozen Ramparts          Ice            100%       1d16      6%          3
 Fugue of the Fallen      Necr           32%        N/A       6%          3
 Hailstorm                Conj/Ice       65%        3d12      6%          3
 Passwall                 Erth           32%        N/A       6%          3
 Stone Arrow              Conj/Erth      64%        3d11      6%          3
 Summon Ice Beast         Ice/Summ       65%        N/A       6%          3
 Vampiric Draining        Necr           32%        2d8       6%          3
 Arcjolt                  Conj/Air       29%        1d39      8%          5
 Metabolic Englaciation   Hex/Ice        48%        N/A       8%          5
 Summon Mana Viper        Hex/Summ       58%        N/A       8%          5
 Yara's Violent Unravell  Hex/Alch       29%        3d12      8%          5
 Freezing Cloud           Conj/Ice/Air   43%        6-21      14%         5
 Animate Dead             Necr           32%        N/A       21%         4
 Brom's Barrelling Bould  Conj/Erth      32%        2d5       21%         4
 Dispel Undead            Necr           32%        3d14      21%         4
 Flame Wave               Conj/Fire      32%        2d9       21%         4
 Fulminant Prism          Conj/Alch      16%        3d11      21%         4
 Ignite Poison            Fire/Alch      32%        N/A       21%         4
 Leda's Liquefaction      Alch/Erth      16%        N/A       21%         4
 Martyr's Knell           Necr/Summ      32%        N/A       21%         4
 Olgreb's Toxic Radiance  Alch           32%        N/A       21%         4
 Petrify                  Alch/Erth      32%        N/A       21%         4
 Sticky Flame             Fire/Alch      32%        2d7       21%         4
 Summon Blazeheart Golem  Fire/Summ      32%        N/A       21%         4
 Enfeeble                 Hex            37%        N/A       28%         7
 Conjure Ball Lightning   Conj/Air       29%        3x3d8     38%         6
 Plasma Beam              Fire/Air       29%        2x1d41    38%         6
 Alistair's Intoxication  Alch           21%        N/A       50%         5
 Borgnjor's Vile Clutch   Necr/Erth      16%        N/A       50%         5
 Fireball                 Conj/Fire      16%        3d8       50%         5
 Irradiate                Conj/Alch      16%        3d17      50%         5
 Iskenderun's Battlesphe  Conj           32%        2d8       50%         5
 Lee's Rapid Deconstruct  Erth           16%        3d10*     50%         5
 Discord                  Hex            37%        N/A       92%         8
 Maxwell's Capacitive Co  Air            37%        ∞         92%         8
 Bombard                  Conj/Erth      16%        9d3       97%         6
 Death Channel            Necr           16%        N/A       97%         6
 Eringya's Noxious Bog    Alch           16%        4d6       97%         6
 Sculpt Simulacrum        Ice/Alch       32%        N/A       97%         6
 Starburst                Conj/Fire      16%        6d6       97%         6
 Summon Cactus Giant      Summ           16%        N/A       97%         6
 Haunt                    Necr/Summ      16%        N/A       100%        7
 Orb of Destruction       Conj           16%        9d7       100%        7
 Ozocubu's Refrigeration  Ice            32%        4d14      100%        7
 Spellforged Servitor     Conj/Summ      16%        N/A       100%        7
 Summon Hydra             Summ           16%        N/A       100%        7
 Borgnjor's Revivificati  Necr           16%        N/A       100%        8
 Ignition                 Fire           16%        3d6       100%        8
 Infestation              Necr           16%        N/A       100%        8
 Lehudib's Crystal Spear  Conj/Erth      16%        10d5      100%        8
 Chain Lightning          Conj/Air       29%        3d38      100%        9
 Death's Door             Necr           16%        N/A       100%        9
 Dragon's Call            Summ           16%        N/A       100%        9
 Fire Storm               Conj/Fire      16%        8d4       100%        9
 Shatter                  Erth           16%        3d15*     100%        9
 Animate Armour           Summ/Erth      Unusable   N/A       N/A         4

Dungeon Overview and Level Annotations

Branches:
Dungeon (15/15) Zot: 21410  Temple (0/1) D:6            Lair (5/5) D:9 Zot: 23167
 Shoals (4/4) Lair:2 Zot: 17695   Snake (4/4) Lair:2 Zot: 17540   Slime (5/5) Lair:5 Zot: 25709
    Orc (2/2) D:9 Zot: 8479     Elf (3/3) Orc:2 Zot: 14392  Vaults (5/5) D:13 Zot: 21052
  Crypt (3/3) Vaults:2 Zot: 14712    Tomb (3/3) Crypt:3 Zot: 14477  Depths (4/4) D:15 Zot: 18551
   Hell (visited)             Dis (7/7) Hell Zot: 25454     Geh (7/7) Hell Zot: 25454
    Coc (7/7) Hell Zot: 25454     Tar (7/7) Hell Zot: 25454     Zot (5/5) Depths:4 Zot: 24145
  Sewer (visited)         Ossuary (visited)           IceCv (visited)

Altars:
Cheibriados
Dithmenos
Elyvilon
Fedhas
Gozag
Hepliaklqana
Kikubaaqudgha
Makhleb
Nemelex Xobeh
Okawaru
Qazlal
Trog
Uskayaw
Wu Jian
Xom
Zin
The Shining One
Beogh
Jiyva

Shops:
D:6 *   D:8 (   D:15 *:***=?*?=*   Orc:2 *[([[   Shoals:4 *   Snake:2 (*((
Snake:3 =:=   Depths:1 (   Depths:2 [[[[

Portals:
Hell: Lair:5 Depths:1 Depths:2 Depths:3 Depths:4
Abyss: Depths:3
Pandemonium: Depths:1 Depths:2


Innate Abilities, Weirdness & Mutations

You are an undying horror.
Your melee and unarmed attacks drain, slow and weaken victims.
You are immune to unholy pain and torment.
You cannot drink.
You are immune to poison.
You cannot wear most types of armour.
You are amphibious.
You can wear up to eight rings at the same time.
Your skin changes colour to match your surroundings (Stealth+).
Your rubbery body absorbs attacks. (AC +1, EV +1)
((You are camouflaged when in or above water. (Stealth+)))
You have tentacles for arms and can constrict up to eight enemies at once.
You have supernaturally acute eyesight. (SInv)
You are very agile. (Dex +8, Str/Int -2)
You possess an exceptional clarity of mind.
Your muscles are strong. (Str +4, Int/Dex -1)


Message History

Flame seeps out of the anaconda.
The burst of rock shards engulfs the anaconda!
Flame seeps out of the anaconda.
The burst of rock shards engulfs you!!
* * * LOW HITPOINT WARNING * * *
The burst of rock shards engulfs the salamander tyrant!!
Flame seeps out of the salamander tyrant.
The burst of rock shards engulfs your hell beast!!
You kill your hell beast!
Your hell beast disappears in a puff of smoke!
The burst of rock shards engulfs the nagaraja!
Flame seeps out of the nagaraja.
The burst of rock shards engulfs the anaconda!!
Flame seeps out of the anaconda.
The tin is emptied!
You hear an angry hiss.
The nagaraja is engulfed in blazing flames.
Flame seeps out of the nagaraja.
The nagaraja points at you and mumbles some strange words.
You block the poison arrow.
The anaconda is engulfed in blazing flames.
Flame seeps out of the anaconda.
The nagaraja is engulfed in blazing flames.
Flame seeps out of the nagaraja.
The nagaraja spits poison at you. You block the splash of poison.
The anaconda is engulfed in blazing flames.
Flame seeps out of the anaconda.
You take 48 HP, and have [23/224] HP !!!!!
HP Warning !!!!!
Blink to where?
Press: ? - help, Dir - move target
As you read the scroll of blinking, it crumbles to dust.
The nagaraja is engulfed in blazing flames.
Flame seeps out of the nagaraja.
The nagaraja explodes!
The fiery explosion engulfs the salamander tyrant.
The salamander tyrant completely resists.
The salamander tyrant is severely wounded.
The salamander tyrant rends the earth beneath you!
The blast of magma engulfs you!! You partially resist.
You die...

▓▓▓▓▓▓▓ .......▓▓
▓▓..............z▓▓
▓.................▓▓
.....N.............▓▓
NNNN......N.....S...▓▓
N§NNN.N....SN...§§...▓▓
SNNNNN......§..§§§....▓▓
NSSN.DN[≈.N..NN○○N.....▓▓
NNSN.≈≈≈≈SNNN§N§.....§∩.▓
S.NN[≈)N....§§NS)S.....▓▓


You could see 4 nagarajas, 3 salamander tyrants, a guardian serpent (wandering,
inner flame), 2 black mambas and 3 naga magi.

Vanquished Creatures
  Cerebov (Pan)
  Antaeus (Coc:7)
  12 pandemonium lords
  the Royal Jelly (Slime:5)
  Asmodeus (Geh:7)
  Ereshkigal (Tar:7)
  Gloorx Vloq (Pan)
  Mnoleg (Pan)
  Lom Lobon (Pan)
  the Serpent of Hell (Coc:7)
  Dispater (Dis:7)
  Frederick (Vaults:2)
  9 dread liches
  12 ancient liches
  9 orbs of fire
  Mennas (Vaults:2)
  2 juggernauts (Dis:7)
  The ghost of Oqust the Cutthroat, a legendary GnCK of Makhleb (Zot:3)
  Josephina (Depths:3)
  Bai Suzhen (Depths:1)
  36 royal mummies
  15 Killer Klowns
  12 shard shrikes
  The ghost of DoomDiver the Impregnable, a veteran MiFi of Okawaru (Zot:1)
  Saint Roka (Orc:1)
  48 caustic shrikes
  4 curse toes
  16 golden dragons
  Geryon (Hell)
  Nikola (Shoals:1)
  6 profane servitors
  30 bone dragons
  the Enchantress (Depths:1)
  18 doom hounds
  23 Tzitzimimeh
  5 electric golems
  13 iron giants
  The ghost of DoomDiver the Fencer, an adept DgGl (Shoals:1)
  A walking crystal tome (Zot:1)
  15 Brimstone Fiends
  27 tentacled monstrosities
  25 Orb Guardians (Zot:5)
  26 hellephants
  3 spectral shard shrikes
  Zenata (Elf:3)
  The ghost of Qacefab the Warrior, an adept MiFi of Gozag (Depths:4)
  22 Hell Sentinels
  14 tainted leviathans
  10 liches
  A shard shrike skeleton (Tomb:1)
  Rupert (D:12)
  24 Ice Fiends
  Mlioglotl (Shoals:2)
  2 deep elf blademasters (Elf:3)
  Grunn (Depths:4)
  2 walking frostbound tomes (Zot:1)
  12 titans
  41 ancient champions
  13 sphinxes
  2 deep elf master archers (Elf:3)
  27 searing wretches
  24 acid blobs
  10 tentacled starspawn
  36 Executioners
  6 quicksilver dragons
  Gastronok (D:9)
  8 death cobs
  2 thorn hunters (Zig:21)
  8 shadow dragons
  8 tengu reavers
  Aizul (Snake:2)
  13 storm dragons
  7 revenants
  Donald (Vaults:4)
  12 protean progenitors
  16 rockslimes
  6 nagarajas
  Roxanne (Shoals:3)
  35 narguns
  Agnes (Snake:4)
  5 draconian monks
  The ghost of Qiagusm the Spawn of Chaos, an adept DsIE of Makhleb (Snake:3)
  A fenstrider witch (shapeshifter) (Zig:6)
  22 frost giants
  10 demonspawn warmongers
  4 draconian knights
  26 azure jellies
  A frost giant (shapeshifter) (Zig:3)
  3 fenstrider witches (Zig:21)
  20 vault wardens
  2 spectral juggernauts
  24 fire giants
  11 quicksilver elementals
  8 iron dragons
  51 balrugs
  7 curse skulls
  8 draconian shifters
  8 draconian scorchers
  A fire giant (shapeshifter) (Zig:19)
  5 deep elf sorcerers
  A ghoul (Crypt:3)
  4 spectral caustic shrikes
  9 ghost moths
  5 orc warlords
  6 deep elf elementalists (Elf:3)
  2 caustic shrike zombies
  2 draconian stormcallers
  3 juggernaut zombies
  26 reapers
  Louise (Snake:2)
  10 shard shrike simulacra
  An angel (Zig:20)
  20 cacodemons
  30 very ugly things
  4 draconian annihilators
  20 ironbound preservers
  2 formless jellyfish
  14 demonspawn blood saints
  6 demonspawn corrupters
  13 stone giants
  10 juggernaut skeletons
  7 spriggan defenders
  3 caustic shrike skeletons (Pan)
  18 quicksilver oozes
  The ghost of Dwayden the Slicer, a journeyman VSBr of Wu Jian (Orc:2)
  An eleionoma (shapeshifter) (Zig:19)
  9 ironbound thunderhulks
  11 lorocyprocas
  12 green draconians
  7 demonspawn black suns
  43 war gargoyles
  6 black draconians
  10 vampire knights
  9 deep elf demonologists
  A starflower (Abyss:4)
  11 deep elf death magi
  13 purple draconians
  A spectral titan (Tar:2)
  26 elemental wellsprings
  5 red draconians
  8 bennus
  2 eleionomae (Zig:5)
  12 dire elephants
  16 putrid mouths
  6 white draconians
  25 wendigos
  9 yellow draconians
  12 deep elf annihilators
  7 spark wasps
  15 eidola
  4 merfolk javelineers
  24 iron golems
  Snorg (D:11)
  A spectral golden dragon (Tar:2)
  17 green deaths
  4 crystal guardians
  18 blizzard demons
  10 ettins
  20 jiangshi
  5 fire dragons
  A spectral quicksilver dragon (Tar:1)
  34 mummy priests
  12 great orbs of eyes
  2 quicksilver dragon zombies
  2 spectral spriggans
  20 yaktaur captains
  4 merfolk impalers
  7 deep elf high priests
  Erolcha (Orc:1)
  3 spriggan air magi
  11 ice dragons
  37 vault guards
  A jorogumo (Pan)
  10 juggernaut simulacra
  3 merfolk avatars (Shoals:1)
  8 caustic shrike simulacra
  2 hell beasts
  A peacekeeper (Vaults:2)
  7 salamander tyrants
  3 ghost crabs
  2 sphinx zombies (Zig:16)
  3 alligators (Zig:19)
  17 centaur warriors
  3 spriggan zombies
  7 hydras
  8 rakshasas
  7 ironbound frosthearts
  A catoblepas (Lair:4)
  An Orb Guardian skeleton (Crypt:2)
  A radroach (Zig:21)
  2 ogre magi
  4 boulder beetles
  2 alligator snapping turtles
  8 death knights
  33 dancing weapons
  8 two-headed ogres
  14 anacondas
  55 death scarabs
  4 spriggan skeletons
  9 merfolk aquamancers
  8 stokers
  2 satyrs (Shoals:4)
  10 deep troll shamans
  6 death yaks (Lair:5)
  A sphinx skeleton (Zig:16)
  11 naga sharpshooters
  11 vampire magi
  15 deep troll earth magi
  4 demonic crawlers
  23 naga warriors
  An occultist (Lair:5)
  48 hell hogs
  7 spriggans
  4 spriggan berserkers
  2 shock serpents (shapeshifter) (Zig:19)
  64 sun demons
  28 soul eaters
  10 hell knights
  4 hellephant skeletons (Pan)
  2 thrashing horrors
  15 deep elf knights
  2 titan skeletons
  12 salamander mystics
  15 sixfirhies
  6 shock serpents
  7 wretched stars
  A spatial maelstrom (Abyss:1)
  18 crystal echidnas
  28 shadow wraiths
  20 skeletal warriors
  54 deep trolls
  8 iron trolls
  5 skysharks
  A goliath frog (D:15)
  A death drake (Abyss:3)
  A deep troll (shapeshifter) (Zig:19)
  14 sea snakes
  16 shadow demons
  4 spriggan druids
  A death drake (shapeshifter) (Vaults:5)
  2 mana vipers (shapeshifter)
  11 flayed ghosts
  2 sea snakes (shapeshifter)
  27 ironbound convokers
  A shadow dragon zombie (Zig:18)
  7 arcanists
  12 glowing orange brains
  13 sun moths
  20 phantasmal warriors
  2 quicksilver dragon simulacra
  5 spriggan simulacra
  2 bunyip skeletons
  A spectral hydra (Tar:2)
  5 swamp dragons
  12 mana vipers
  11 thermic dynamos
  5 lindwurms
  4 bog bodies (Crypt:3)
  13 deep elf archers
  A tengu zombie (Zig:16)
  A golden dragon skeleton (Zig:16)
  7 naga ritualists
  An anaconda skeleton (Crypt:3)
  2 orange crystal statues (IceCv)
  A steelbarb worm (shapeshifter) (Depths:3)
  40 large abominations
  17 harpies
  A stone giant zombie (Depths:1)
  Pikel (D:8)
  25 deep elf pyromancers
  An oklob plant (Lair:3)
  8 orc knights
  23 deep elf zephyrmancers
  2 fauns (shapeshifter) (Vaults:5)
  8 necromancers
  7 shining eyes
  7 fauns
  2 shadow dragon skeletons (Tomb:1)
  6 cyclopes
  An iron dragon zombie (Zig:18)
  37 salamanders
  A wolf spider (Zig:21)
  A spectral centaur (Tar:2)
  A moth of wrath (shapeshifter) (Elf:1)
  22 moths of wrath
  33 ugly things
  A will-o-the-wisp (Zig:21)
  9 orc sorcerers
  2 worldbinders (Abyss:1)
  8 manticores
  Maurice (D:12)
  An iron dragon skeleton (Depths:2)
  12 merfolk sirens
  An elephant (shapeshifter) (Zig:19)
  3 titan simulacra
  11 elephants (Lair:4)
  17 guardian serpents
  2 rust devils
  2 apocalypse crabs
  15 vault sentinels
  A stone giant skeleton (Depths:1)
  41 black mambas
  11 orange demons
  A dire elephant zombie (Tar:7)
  17 water nymphs
  A black mamba (shapeshifter) (D:12)
  2 naga skeletons
  41 smoke demons
  2 naga zombies
  4 ice statues (Coc:7)
  2 dire elephant skeletons
  4 kobold blastminers
  2 eyes of devastation
  A minotaur zombie (Tomb:2)
  13 naga magi
  2 storm dragon simulacra
  2 unseen horrors
  2 torpor snails
  A centaur skeleton (Hell)
  8 cane toads
  2 gargoyles
  Maggie (Lair:2)
  31 hellions
  6 rime drakes
  9 komodo dragons
  A black draconian skeleton (Crypt:1)
  A spectral demonspawn (Tar:1)
  7 efreet
  41 yaktaurs
  24 tormentors
  6 anaconda simulacra
  An ancient zyme (Abyss:1)
  26 freezing wraiths
  3 bunyip simulacra
  A queen bee (shapeshifter) (D:15)
  2 spectral nagas
  A golden dragon simulacrum (Coc:7)
  2 silent spectres
  8 spectral harpies
  13 red devils
  18 merfolk
  A wind drake (shapeshifter) (Vaults:5)
  3 ice devils
  54 guardian mummies
  A polar bear (Lair:2)
  A sun moth zombie (Crypt:2)
  3 harpy skeletons
  3 trolls
  An iron giant simulacrum (Coc:7)
  28 hellwings
  An alligator simulacrum (Abyss:1)
  19 hornets
  8 wind drakes
  10 glass eyes
  2 iron dragon simulacra
  15 blink frogs
  7 raiju
  2 tarantellas (Zig:21)
  137 slime creatures
  21 dream sheep
  An ettin zombie (Crypt:3)
  2 ice dragon zombies
  13 snapping turtles
  2 stone giant simulacra
  3 centaur simulacra
  Sigmund (D:5)
  An air elemental (Elf:2)
  3 shadows
  25 water elementals
  11 wraiths
  A culicivora (shapeshifter) (Vaults:5)
  72 yaks
  23 ushabtiu
  5 wyverns
  36 small abominations
  A vampire (Abyss:1)
  21 ynoxinuls
  Eustachio (D:6)
  5 dire elephant simulacra
  5 fire bats
  2 humans (D:9)
  8 wargs
  3 alligator snapping turtle simulacra (Coc:3)
  4 basilisks
  17 starcursed masses
  2 fire elementals
  14 golden eyes
  2 steam dragons
  5 vampire mosquitoes (D:11)
  18 chaos spawn
  27 neqoxecs
  A redback (Zig:15)
  14 harpy simulacra
  36 nagas
  3 great orb of eyes simulacra (IceCv)
  A hydra simulacrum (Coc:7)
  5 hell hounds (Lair:5)
  4 spatial vortices (Abyss:1)
  A swamp worm (shapeshifter) (Zig:3)
  A fire bat skeleton (Crypt:2)
  A glowing shapeshifter skeleton (Zig:16)
  20 water moccasins
  2 human skeletons (Vaults:3)
  An ice beast (D:7)
  2 sky beasts (D:7)
  7 black bears
  49 orc warriors
  8 ettin simulacra
  A black mamba simulacrum (Tomb:1)
  36 laughing skulls
  17 ogres
  4 crocodiles (Zig:19)
  8 wolves
  A boggart (Vaults:2)
  8 centaurs
  A dream sheep skeleton (Crypt:1)
  2 slime creature simulacra (IceCv)
  2 lemures (D:8)
  9 weeping skulls
  3 kobold brigands
  A phantom (D:7)
  A brain worm (Abyss:3)
  4 gnoll sergeants
  5 glowing shapeshifter simulacra
  19 bullfrogs
  2 earth elementals
  4 naga simulacra (Coc:7)
  An ogre simulacrum (Vaults:3)
  3 scorpions
  A komodo dragon skeleton (Crypt:2)
  20 wights
  2 warg skeletons
  4 burial acolytes (Crypt:3)
  A shapeshifter zombie (Crypt:1)
  19 killer bees
  10 howler monkeys
  3 electric eels (Lair:1)
  2 bombardier beetles
  4 quasits
  4 hounds
  16 orc priests
  3 iron imps (Abyss:1)
  A sleepcap (D:4)
  25 orc wizards
  An iguana (D:5)
  6 hell rats (Hell)
  An ogre skeleton (Crypt:2)
  87 mummies
  15 gnolls
  10 adders
  A shadow imp (Abyss:3)
  6 white imps
  An ufetubus (Abyss:1)
  An iguana skeleton (Crypt:1)
  12 dart slugs
  6 ribbon worms
  107 orcs
  10 ball pythons
  11 endoplasms
  14 giant cockroaches
  2 gnoll zombies (Ossuary)
  2 goblins
  11 hobgoblins
  7 jackals
  14 kobolds
  5 quokkas
  9 bats
  10 frilled lizards
  2 hobgoblin zombies
  2 kobold zombies (Ossuary)
  3 orc zombies (Ossuary)
  8 rats
  6 aspiring fleshes
  6 creeping infernos
  9 fire vortices
  A lurking horror (Abyss:1)
  2 spectral weapons (Zig:19)
  3 starspawn tentacles (Abyss:3)
4728 creatures vanquished.

Vanquished Creatures (collateral kills)
  A nagaraja (Zig:22)
  2 vault guards
  2 death scarabs (Tomb:3)
  An orc knight (D:13)
  A cyclops (D:13)
  A tengu conjurer (D:13)
  A guardian mummy (Tomb:3)
  An ushabti (Tomb:3)
10 creatures vanquished.

Vanquished Creatures (others)
  An iron giant (Dis:3)
  A searing wretch (Geh:5)
  An eldritch tentacle (Pan)
  3 nagarajas (Zig:22)
  An azure jelly (Coc:7)
  A nargun (Coc:7)
  A fire giant (Geh:7)
  2 shard shrike simulacra (Coc:7)
  2 juggernaut simulacra
  A hydra (Zig:5)
  2 caustic shrike simulacra (Coc:7)
  A merfolk avatar (Zig:21)
  A salamander tyrant (Zig:22)
  A soul eater (Zig:14)
  A spriggan (Zig:5)
  A skeletal warrior (Crypt:3)
  2 titan simulacra (Coc:3)
  3 black mambas (Zig:22)
  A hellion (Coc:3)
  2 yaktaurs (D:13)
  An anaconda simulacrum (Coc:7)
  2 iron giant simulacra
  A merfolk (Shoals:4)
  A hornet (Zig:5)
  A tengu simulacrum (Depths:3)
  2 stone giant simulacra (Coc:3)
  A centaur simulacrum (Coc:1)
  A naga simulacrum (Coc:3)
  A ynoxinul (Pan)
  A golden eye (Abyss:3)
  A neqoxec (Pan)
  5 harpy simulacra
  A hydra simulacrum (Coc:7)
  2 ettin simulacra
  An ogre (Zig:12)
  A bullfrog (D:9)
  A small abomination (Abyss:3)
  A killer bee (D:9)
  An orc priest (Orc:2)
  An orc wizard (Orc:1)
  An orc (Orc:2)
  A frilled lizard (Sewer)
  A fire vortex (Geh:5)
  12 foxfires (Zig:21)
  5 starspawn tentacles
76 creatures vanquished.

Grand Total: 4814 creatures vanquished

Notes
Turn   | Place    | Note
-------+----------+-------------------------------------------
     0 | D:1      | KeepCalm the Octopode Shapeshifter began the quest for the
                  | Orb.
     0 | D:1      | Reached XP level 1. HP: 13/13 MP: 1/1
   238 | D:1      | Reached XP level 2. HP: 18/18 MP: 2/2
   642 | D:2      | Reached XP level 3. HP: 17/23 MP: 3/3
  1005 | D:2      | Reached XP level 4. HP: 29/29 MP: 4/4
  1169 | D:2      | Found a burning altar of Makhleb.
  1481 | D:3      | Found a snail-covered altar of Cheibriados.
  1597 | D:3      | Noticed a +0 spear
  1599 | D:3      | Noticed a +0 short sword
  1604 | D:3      | Noticed a +0 short sword
  1605 | D:3      | Noticed a +0 spear
  1606 | D:3      | Noticed a +0 falchion
  1607 | D:3      | Noticed a +0 dagger
  1607 | D:3      | Noticed a +0 dagger
  1608 | D:3      | Noticed a +0 falchion
  1609 | D:3      | Found a hide-covered altar of Uskayaw.
  1777 | D:3      | Reached XP level 5. HP: 31/34 MP: 5/5
  1795 | D:3      | Found an opulent altar of Gozag.
  1896 | D:3      | Found a shadowy altar of Dithmenos.
  2004 | D:3      | Became a worshipper of Gozag Ym Sagoz the Greedy
  2450 | D:4      | Noticed a black bear
  2454 | D:4      | Killed a black bear
  2455 | D:4      | Reached skill level 5 in Shapeshifting
  2455 | D:4      | Reached XP level 6. HP: 35/39 MP: 6/6
  2482 | D:4      | Noticed a black bear
  2543 | D:4      | Found a bloodstained altar of Trog.
  2616 | D:4      | Found a shimmering altar of Xom.
  2793 | D:4      | Killed a black bear
  2921 | D:4      | Reached XP level 7. HP: 29/45 MP: 7/7
  3391 | D:5      | Entered Level 5 of the Dungeon
  3417 | D:5      | Found a hazy altar of Hepliaklqana.
  3574 | D:5      | Found a white marble altar of Elyvilon.
  3813 | D:5      | Reached XP level 8. HP: 42/50 MP: 8/8
  3902 | D:5      | Noticed Sigmund
  3906 | D:5      | Killed Sigmund
  4311 | D:5      | Found a stormy altar of Qazlal.
  4313 | D:5      | Noticed a water elemental
  4313 | D:5      | Noticed an air elemental
  4360 | D:6      | Found a glowing drain.
  4390 | Sewer    | Entered a sewer
  4504 | Sewer    | Reached skill level 10 in Shapeshifting
  4768 | D:6      | Found Zaggesa's Assorted Antiques.
  4780 | D:6      | Bought a scroll labelled OBEYSON ROSEDI for 36 gold pieces
  4780 | D:6      | Bought a red potion for 32 gold pieces
  4784 | D:6      | Bought a twisted golden ring for 180 gold pieces
  4784 | D:6      | Bought a glowing hat for 252 gold pieces
  4821 | D:6      | Noticed Eustachio
  4841 | D:6      | Killed Eustachio
  4842 | D:6      | Reached XP level 9. HP: 53/57 MP: 9/9
  5099 | D:6      | Found a staircase to the Ecumenical Temple.
  5133 | D:6      | Found a sand-covered staircase.
  5137 | Ossuary  | Entered an ossuary
  5698 | D:6      | Reached skill level 5 in Unarmed Combat
  6199 | D:7      | Reached skill level 5 in Fighting
  6719 | D:7      | Found a glowing golden altar of the Shining One.
  7006 | D:8      | Reached XP level 10. HP: 68/68 MP: 10/10
  7154 | D:8      | Found a glowing silver altar of Zin.
  7737 | D:8      | Noticed Pikel
  7754 | D:8      | Killed Pikel
  7975 | D:8      | Found Xecuinath's Weapon Emporium.
  8312 | D:8      | Reached skill level 5 in Dodging
  8559 | D:9      | Noticed a two-headed ogre
  8619 | D:9      | Killed a two-headed ogre
  8620 | D:9      | Reached XP level 11. HP: 78/78 MP: 11/11
  9005 | D:9      | Found an iron altar of Okawaru.
  9010 | D:9      | Found a staircase to the Lair.
  9055 | D:9      | Noticed Gastronok
  9319 | D:9      | Found a staircase to the Orcish Mines.
  9774 | D:9      | Found an ancient bone altar of Kikubaaqudgha.
  9967 | D:9      | Found a sparkling altar of Nemelex Xobeh.
  9967 | D:9      | Found a transporter.
  9967 | D:9      | Noticed a deep elf knight
  9968 | D:9      | Noticed a centaur warrior
  9975 | D:9      | Reached XP level 12. HP: 85/85 MP: 12/12
  9976 | D:9      | Reached XP level 13. HP: 89/89 MP: 13/13
 10029 | Orc:1    | Entered Level 1 of the Orcish Mines
 10236 | Orc:1    | Reached skill level 1 in Stealth
 10504 | Orc:1    | Noticed Erolcha
 10530 | Orc:1    | Killed Erolcha
 10751 | Orc:2    | Entered Level 2 of the Orcish Mines
 10753 | Orc:2    | Found a staircase to the Elven Halls.
 10861 | Orc:2    | Found a roughly hewn altar of Beogh.
 10912 | Orc:2    | Found a roughly hewn altar of Beogh.
 11176 | Orc:1    | You fall into a shaft and drop 1 floor!
 11177 | Orc:2    | Found a runed translucent door.
 11635 | Orc:2    | Found a roughly hewn altar of Beogh.
 11740 | Orc:1    | Reached skill level 10 in Unarmed Combat
 11870 | Orc:1    | Reached skill level 15 in Shapeshifting
 12084 | Orc:2    | Noticed Dwayden's ghost (journeyman VSBr)
 12138 | Orc:2    | Noticed Saint Roka
 12283 | D:10     | Entered Level 10 of the Dungeon
 12462 | D:10     | Reached skill level 10 in Fighting
 13252 | D:11     | Reached skill level 5 in Stealth
 13252 | D:11     | Reached XP level 14. HP: 63/99 MP: 14/14
 13715 | D:11     | Noticed Snorg
 13743 | D:11     | Killed Snorg
 14206 | D:12     | Noticed Maurice
 14213 | D:12     | Maurice stole a blade talisman
 14214 | D:12     | Maurice stole 2 throwing nets
 14216 | D:12     | Killed Maurice
 14877 | D:12     | Noticed Rupert
 14895 | D:12     | Paralysed by Rupert for 3 turns
 14903 | D:12     | Killed Rupert
 16742 | D:13     | Reached XP level 15. HP: 106/106 MP: 15/15
 17336 | D:13     | Found a gate to the Vaults.
 18857 | D:15     | Entered Level 15 of the Dungeon
 18884 | D:15     | Found a staircase to the Depths.
 19281 | D:15     | Found a blossoming altar of Fedhas.
 19951 | D:15     | Reached XP level 16. HP: 98/114 MP: 16/16
 20911 | D:15     | Bought a dragon-blood talisman for 840 gold pieces
 21046 | D:15     | Bought a scroll of identify for 36 gold pieces
 21046 | D:15     | Bought a scroll of identify for 36 gold pieces
 21046 | D:15     | Bought a scroll of fear for 72 gold pieces
 21046 | D:15     | Bought a scroll of fog for 72 gold pieces
 21046 | D:15     | Bought a scroll of enchant weapon for 135 gold pieces
 21212 | D:9      | Killed Gastronok
 21285 | Lair:1   | Entered Level 1 of the Lair of Beasts
 21586 | Lair:1   | Reached skill level 10 in Dodging
 21803 | Lair:1   | Reached XP level 17. HP: 119/119 MP: 17/17
 21804 | Lair:1   | Reached XP level 18. HP: 126/126 MP: 18/18
 22742 | Lair:2   | Noticed Maggie
 22748 | Lair:2   | Killed Maggie
 22846 | Lair:2   | Found a staircase to the Snake Pit.
 23073 | Lair:2   | Found a staircase to the Shoals.
 24803 | Lair:4   | Identified a scroll of acquirement
 24811 | Lair:4   | Acquired a manual of Unarmed Combat
 25217 | Lair:5   | Entered Level 5 of the Lair of Beasts
 25217 | Lair:5   | Found a viscous altar of Jiyva.
 25217 | Lair:5   | Found a staircase to the Slime Pits.
 26487 | Lair:5   | Found a burning altar of Makhleb.
 26780 | Lair:5   | Found a gateway to Hell.
 27167 | Orc:1    | Reached XP level 19. HP: 134/134 MP: 19/19
 27171 | Orc:1    | Killed Saint Roka
 27378 | Orc:2    | Found Sonofaff's Antique Weapon Shop.
 27552 | Orc:2    | Found Saesoz's Antique Armour Boutique.
 27553 | Orc:2    | Found a roughly hewn altar of Beogh.
 27597 | Orc:2    | Found a roughly hewn altar of Beogh.
 27603 | Orc:2    | Found Ynlipsi's Antique Armour Emporium.
 27884 | Orc:2    | Found Zuarucen's Antique Armour Shoppe.
 28013 | Orc:2    | Found a roughly hewn altar of Beogh.
 28020 | Orc:2    | Found Misuff's General Store.
 28053 | Orc:2    | Bought a scroll of enchant weapon for 82 gold pieces
 28053 | Orc:2    | Bought a scroll of teleportation for 33 gold pieces
 28053 | Orc:2    | Bought a potion of resistance for 110 gold pieces
 28079 | Orc:2    | Found a roughly hewn altar of Beogh.
 28196 | Orc:2    | Found a roughly hewn altar of Beogh.
 28222 | Orc:2    | Found a roughly hewn altar of Beogh.
 28283 | Orc:2    | Killed Dwayden's ghost
 28431 | Snake:1  | Entered Level 1 of the Snake Pit
 29550 | Snake:1  | Identified the +1 buckler of Fiat {Stlth+}
 29955 | Snake:2  | Noticed Louise
 29965 | Snake:2  | Killed Louise
 30508 | Snake:2  | Found Ysemi's Weapon Boutique.
 30509 | Snake:2  | Found Hass's Weapon Boutique.
 30513 | Snake:2  | Found Veasirgh's Antique Weapon Boutique.
 30513 | Snake:2  | Found Toeps's General Store.
 30540 | Snake:2  | Bought a scroll of revelation for 105 gold pieces
 30540 | Snake:2  | Bought a scroll of noise for 14 gold pieces
 30540 | Snake:2  | Bought a potion of heal wounds for 70 gold pieces
 30540 | Snake:2  | Bought a potion of might for 56 gold pieces
 30636 | Snake:2  | Identified the serpent talisman of Ditotisi {Int+3 Dex+2}
 30636 | Snake:2  | Noticed Aizul
 30650 | Snake:2  | Killed Aizul
 31092 | Snake:3  | Found a transporter.
 31095 | Snake:3  | Found a bloodstained altar of Trog.
 31096 | Snake:3  | Noticed Qiagusm's ghost (adept DsIE)
 31107 | Snake:3  | Found a transporter.
 31166 | Snake:3  | HP: 10/202 [naga sharpshooter/arrow (12)]
 31687 | Snake:3  | Found Suruopp's Jewellery Shop.
 31687 | Snake:3  | Found Fagg's Book Emporium.
 31689 | Snake:3  | Found Vucasch's Jewellery Shop.
 31735 | Snake:3  | Identified the flux talisman of Gaogrur {Str+4}
 32078 | Snake:4  | Entered Level 4 of the Snake Pit
 32805 | Snake:4  | Reached XP level 20. HP: 142/142 MP: 20/20
 33138 | Snake:4  | Noticed Agnes
 33144 | Snake:4  | Killed Agnes
 33458 | Snake:4  | Reached skill level 15 in Unarmed Combat
 34720 | Snake:4  | Got a serpentine rune of Zot
 34868 | Shoals:1 | Entered Level 1 of the Shoals
 35091 | Shoals:1 | Noticed Nikola
 35725 | Shoals:1 | Killed Nikola
 36116 | Shoals:1 | Found a runed translucent door.
 36165 | Shoals:1 | Noticed DoomDiver's ghost (adept DgGl)
 36188 | Shoals:1 | Killed DoomDiver's ghost
 36515 | Shoals:2 | Found a glacial archway.
 36560 | IceCv    | Entered an ice cave
 37804 | IceCv    | Found a viscous altar of Jiyva.
 37820 | IceCv    | Got the ring "Reur" {Ice rElec Int-3 Dex+3 Slay+5}
 37830 | IceCv    | Identified the +2 ice dragon scales of Ashenzari's Pride
                  | {rF- rC++ rN++ MP+9 Str+3}
 37940 | Shoals:2 | Reached skill level 15 in Fighting
 38778 | Shoals:3 | Noticed Roxanne
 38778 | Shoals:3 | Noticed Mlioglotl
 38782 | Shoals:2 | Killed Mlioglotl
 40251 | Shoals:3 | Killed Roxanne
 40421 | Shoals:4 | Entered Level 4 of the Shoals
 40447 | Shoals:4 | Reached XP level 21. HP: 151/151 MP: 21/21
 41913 | Shoals:4 | Got a barnacled rune of Zot
 42302 | Shoals:4 | Found Guepid's Overcharged Wands.
 42362 | Shoals:4 | Bought a wand of digging (11) for 693 gold pieces
 42859 | D:15     | Bought a potion of cancellation for 128 gold pieces
 42859 | D:15     | Bought a scroll of revelation for 120 gold pieces
 42861 | D:15     | Bought a scroll of teleportation for 54 gold pieces
 42864 | D:15     | Bought a scroll of teleportation for 42 gold pieces
 42864 | D:15     | Bought a scroll of revelation for 105 gold pieces
 42864 | D:15     | Bought a scroll of summoning for 133 gold pieces
 42864 | D:15     | Bought a scroll of teleportation for 42 gold pieces
 42870 | D:15     | Bought a scroll of blinking for 345 gold pieces
 42870 | D:15     | Bought a potion of attraction for 138 gold pieces
 42870 | D:15     | Bought a scroll of blinking for 345 gold pieces
 42875 | D:15     | Bought a scroll of revelation for 165 gold pieces
 42875 | D:15     | Bought a scroll of enchant armour for 165 gold pieces
 42875 | D:15     | Bought 2 potions of lignification for 132 gold pieces
 42878 | D:15     | Bought the amulet "Qimit" {Will+ Regen+ Dex+2} for 655 gold
                  | pieces
 42994 | Vaults:1 | Entered Level 1 of the Vaults
 43907 | Vaults:1 | Identified the +8 longbow of Capital Punishment {freeze,
                  | rN+ Dex+5}
 44571 | Vaults:2 | Identified the orb of the Trees {*channel, rPois Int+3}
 44571 | Vaults:2 | Noticed Frederick
 44578 | Vaults:2 | Killed Frederick
 44764 | Vaults:2 | Noticed Mennas
 44775 | Vaults:2 | Killed Mennas
 45177 | Vaults:2 | Reached XP level 22. HP: 159/159 MP: 22/22
 45400 | Vaults:2 | Found a transporter.
 45443 | Vaults:2 | Found a transporter.
 45771 | Vaults:2 | Found a staircase to the Crypt.
 46023 | Vaults:2 | Identified the ring of the Continents {Will+ Int+3 SInv}
 46035 | Vaults:2 | Identified the ring "Odorph" {rF- MP+9 Str-3 Int+9}
 47492 | Vaults:4 | Paralysed by a formless jellyfish for 1 turns
 47774 | Vaults:4 | Noticed Donald
 47788 | Vaults:4 | Killed Donald
 48295 | Vaults:4 | Found the +9 sword of Power {lifebolt}
 48635 | Vaults:4 | Reached XP level 23. HP: 168/168 MP: 23/23
 48781 | Vaults:5 | Entered Level 5 of the Vaults
 48844 | Vaults:5 | Identified the +4 long sword of Jixtaumu {freeze, Str+6
                  | Dex-5}
 48869 | Vaults:5 | Identified the ring "Hupuecva" {rElec rPois rN+ SInv}
 49126 | Vaults:5 | Identified the ring of the Changing Gods {rN+ Will+ Str+2
                  | Int+4 Slay+6}
 49146 | Vaults:5 | Noticed an ancient lich
 49176 | Vaults:5 | Killed an ancient lich
 49207 | Vaults:5 | Identified the amulet "Urhirog" {Harm +Inv rC+ Regen+
                  | Dex+2}
 49572 | Vaults:5 | Noticed a golden dragon
 49581 | Vaults:5 | Killed a golden dragon
 49685 | Vaults:5 | Noticed a golden dragon
 49695 | Vaults:5 | Killed a golden dragon
 50245 | Vaults:5 | Reached XP level 24. HP: 177/177 MP: 23/23
 50427 | Vaults:5 | Got a silver rune of Zot
 50672 | Vaults:5 | Identified the +3 chain mail of Happiness {rElec rF+ rC++
                  | Int-5}
 50754 | Vaults:5 | Identified the +1 buckler of Fameodou {Fly rCorr}
 51228 | D:15     | Bought a potion of berserk rage for 145 gold pieces
 51228 | D:15     | Bought a scroll of silence for 275 gold pieces
 51233 | D:15     | Bought a scroll of fog for 56 gold pieces
 51233 | D:15     | Bought a scroll of fear for 56 gold pieces
 51233 | D:15     | Bought a scroll of torment for 133 gold pieces
 51233 | D:15     | Bought a scroll of poison for 56 gold pieces
 51235 | D:15     | Bought 2 potions of heal wounds for 170 gold pieces
 51235 | D:15     | Bought a potion of curing for 51 gold pieces
 51235 | D:15     | Bought a potion of mutation for 136 gold pieces
 51235 | D:15     | Bought a potion of resistance for 170 gold pieces
 51235 | D:15     | Bought a potion of mutation for 136 gold pieces
 51235 | D:15     | Bought a potion of mutation for 136 gold pieces
 51235 | D:15     | Bought a potion of ambrosia for 136 gold pieces
 52156 | Elf:1    | Entered Level 1 of the Elven Halls
 52647 | Elf:1    | Got the Incunable of Fulmination
 52682 | Elf:1    | Reached skill level 15 in Dodging
 53411 | Elf:2    | Found a runed translucent gate.
 53411 | Elf:2    | Found a runed translucent gate.
 53411 | Elf:2    | Found a runed translucent gate.
 54137 | Elf:3    | Entered Level 3 of the Elven Halls
 54243 | Elf:3    | Identified the +1 robe of the Orb Guardian {-Tele rCorr
                  | Dex+3 Stlth+}
 54449 | Elf:3    | Noticed Zenata
 54466 | Elf:3    | Killed Zenata
 54884 | Elf:3    | Identified the +1 falchion of Regicide {protect, *Rage rF+
                  | rCorr Int+3}
 55661 | Elf:3    | Identified the +7 arbalest of the Conjuring Rat {heavy,
                  | ^Drain rElec rF+}
 55665 | Elf:3    | Got the Book of Phantasmal Doom
 55668 | Elf:3    | Identified the +7 quarterstaff of the Forging Puffin
                  | {venom, rPois Will- Int+6}
 55671 | Elf:3    | Identified the +0 short sword "Muomig" {drain, rPois Dex+3}
 56105 | D:15     | Bought a potion of brilliance for 68 gold pieces
 56105 | D:15     | Bought a potion of lignification for 51 gold pieces
 56105 | D:15     | Bought a potion of enlightenment for 85 gold pieces
 56360 | Crypt:1  | Entered Level 1 of the Crypt
 56497 | Crypt:1  | Reached XP level 25. HP: 185/185 MP: 23/23
 58042 | Crypt:3  | Entered Level 3 of the Crypt
 58238 | Crypt:3  | Found an ancient bone altar of Kikubaaqudgha.
 58722 | Crypt:3  | Identified the staff of Valiance {^Contam Fly rN+ Dex+3
                  | Necro}
 58966 | Crypt:3  | Found a staircase to the Tomb.
 58966 | Crypt:3  | Noticed an ancient lich
 58974 | Crypt:3  | Killed an ancient lich
 59003 | Crypt:3  | Identified the +10 broad axe of Conversion {antimagic,
                  | *Slow rElec Int-4 Dex+9}
 59758 | Depths:1 | Entered Level 1 of the Depths
 59857 | Depths:1 | Found an ornate altar of the Wu Jian Council.
 59868 | Depths:1 | Noticed Bai Suzhen
 59873 | Depths:1 | Killed Bai Suzhen
 60165 | Depths:1 | Found a one-way gate leading to the halls of Pandemonium.
 60176 | Depths:1 | Found Besmuluv's Weapon Shoppe.
 60195 | Depths:1 | Noticed the Enchantress
 60199 | Depths:1 | Reached XP level 26. HP: 158/196 MP: 23/23
 60210 | Depths:1 | Killed the Enchantress
 60982 | Depths:2 | Found Possekk's Antique Armour Boutique.
 60985 | Depths:2 | Found Zedwery's Antique Armour Boutique.
 60985 | Depths:2 | Found Nesoa's Armour Shop.
 60989 | Depths:2 | Found Cemihuel's Antique Armour Shop.
 62041 | Depths:3 | Found a one-way gate to the infinite horrors of the Abyss.
 62377 | Depths:3 | Gained mutation: Your health recovers twice as slowly from
                  | being drained. [a shining eye]
 62609 | Depths:3 | Identified the ring of Hiczoot {Ice rPois rCorr MP-9 Dex+2}
 62609 | Depths:3 | Noticed Josephina
 62629 | Depths:3 | Killed Josephina
 63132 | Depths:3 | Got the Almanac of the Earth
 63155 | Depths:4 | Entered Level 4 of the Depths
 63242 | Depths:4 | Noticed Grunn
 63250 | Depths:4 | Killed Grunn
 63592 | Depths:4 | Found a gate to the Realm of Zot.
 63610 | Depths:4 | Reached XP level 27. HP: 205/205 MP: 23/23
 63861 | Depths:4 | Found a one-way gateway to a ziggurat.
 64316 | Depths:4 | Found a transporter.
 64316 | Depths:4 | Identified the +6 great mace of Xaalymeg {heavy, rCorr
                  | Int+3 Dex-3 Stlth+}
 64317 | Depths:4 | Found a transporter.
 64320 | Depths:4 | Identified the +1 giant spiked club "Cimiaf" {freeze, rPois
                  | Int+3}
 64327 | Depths:4 | Noticed Qacefab's ghost (adept MiFi)
 64476 | Depths:4 | Killed Qacefab's ghost
 64542 | Depths:4 | Identified the +0 pair of gloves of Ornamental Wonder
                  | {rPois rF- Regen+ Dex+5}
 64597 | Zot:1    | Entered Level 1 of the Realm of Zot
 64668 | Zot:1    | You are sucked into a shaft and drop 1 floor!
 64728 | Zot:2    | Noticed an orb of fire
 64733 | Zot:2    | Killed an orb of fire
 64863 | Zot:1    | Identified the +8 double sword of Income {drain, rF+ rC+
                  | Int+2}
 65044 | Zot:1    | Noticed DoomDiver's ghost (veteran MiFi)
 65051 | Zot:1    | Found a runed translucent gate.
 65051 | Zot:1    | Found a runed translucent gate.
 65051 | Zot:1    | Found a runed translucent gate.
 65869 | Zot:1    | Killed DoomDiver's ghost
 66860 | Zot:3    | Reached skill level 27 in Unarmed Combat
 67683 | Zot:3    | Found a runed translucent door.
 67691 | Zot:3    | Noticed Oqust's ghost (legendary GnCK)
 67866 | Zot:3    | Killed Oqust's ghost
 68480 | Zot:4    | Noticed an orb of fire
 68480 | Zot:4    | Gained mutation: You sometimes lose your temper in combat.
                  | [an orb of fire]
 68484 | Zot:4    | Killed an orb of fire
 68875 | Zot:5    | Entered Level 5 of the Realm of Zot
 69350 | Zot:5    | Noticed an orb of fire
 69362 | Zot:5    | Killed an orb of fire
 69368 | Zot:5    | Noticed an orb of fire
 69375 | Zot:5    | Killed an orb of fire
 69376 | Zot:5    | Noticed an orb of fire
 69379 | Zot:5    | Killed an orb of fire
 69382 | Zot:5    | Noticed a dread lich
 69392 | Zot:5    | Killed a dread lich
 69517 | Zot:5    | Noticed a dread lich
 69523 | Zot:5    | Killed a dread lich
 69853 | Zot:5    | Noticed a dread lich
 69857 | Zot:5    | Killed a dread lich
 69864 | Zot:5    | Noticed an orb of fire
 69869 | Zot:5    | Killed an orb of fire
 69872 | Zot:5    | Noticed an orb of fire
 69875 | Zot:5    | Gained mutation: Your magical capacity is low. (-10% MP)
                  | [an orb of fire]
 69875 | Zot:5    | Noticed an orb of fire
 69876 | Zot:5    | Killed an orb of fire
 69877 | Zot:5    | Gained mutation: You occasionally lose the ability to read
                  | scrolls when taking damage. [an orb of fire]
 69880 | Zot:5    | Killed an orb of fire
 69880 | Zot:5    | Noticed an orb of fire
 69887 | Zot:5    | Noticed an ancient lich
 69889 | Zot:5    | Killed an orb of fire
 69913 | Zot:5    | Killed an ancient lich
 71014 | Slime:1  | Entered Level 1 of the Pits of Slime
 72222 | Slime:1  | Gained mutation: You are occasionally teleported next to
                  | monsters. [a shining eye]
 74009 | Slime:5  | Entered Level 5 of the Pits of Slime
 74311 | Slime:5  | Noticed the Royal Jelly
 74327 | Slime:5  | Killed the Royal Jelly
 74965 | Slime:5  | Found the +3 Elemental Staff {ele, rElec rF+ rC+ AC+3}
 74966 | Slime:5  | Found the +4 skin of Zhor {*Englaciate rC+++ SInv}
 74988 | Slime:5  | Identified the +2 glaive of Cocytus {pain, rF+ Will- Dex+5}
 74993 | Slime:5  | Got a slimy rune of Zot
 75025 | Slime:5  | Identified the +6 shortbow "Orb Guardian's Regret" {flame,
                  | rF- rN++ Int+3 Dex+2}
 75039 | Slime:5  | Identified the ring of Xurovvio {Wiz Str+3}
 75050 | Slime:5  | Identified the ring of Lust {Ice Fly}
 75061 | Slime:5  | Identified the +3 falchion of Action {flame, rElec rF+}
 75569 | D:15     | Bought a scroll of revelation for 337 gold pieces
 75569 | D:15     | Bought a scroll of immolation for 180 gold pieces
 75574 | D:15     | Bought a scroll of poison for 92 gold pieces
 75854 | Snake:3  | Bought the ring "Kaisosse" {rN+ rCorr Int+2 Dex+6 Stlth-}
                  | for 834 gold pieces
 75854 | Snake:3  | Bought the ring "Quso" {Fire rElec rCorr Slay+5} for 984
                  | gold pieces
 76440 | Snake:3  | Killed Qiagusm's ghost
 76458 | Snake:3  | Identified the amulet "Nyvuthil" {Spirit +Blink rCorr MP-9}
 76784 | Depths:1 | Lost mutation: You are occasionally teleported next to
                  | monsters. [potion of mutation]
 76784 | Depths:1 | Lost mutation: Your health recovers twice as slowly from
                  | being drained. [potion of mutation]
 76784 | Depths:1 | Gained mutation: You are partially covered in large bone
                  | plates. (SH +4) [potion of mutation]
 76784 | Depths:1 | Lost mutation: You sometimes lose your temper in combat.
                  | [potion of mutation]
 76785 | Depths:1 | Lost mutation: Your magical capacity is low. (-10% MP)
                  | [potion of mutation]
 76785 | Depths:1 | Lost mutation: You occasionally lose the ability to read
                  | scrolls when taking damage. [potion of mutation]
 76785 | Depths:1 | Gained mutation: Your spells are a little harder to cast,
                  | but a little more powerful. [potion of mutation]
 76785 | Depths:1 | Gained mutation: You have supernaturally acute eyesight.
                  | (SInv) [potion of mutation]
 76785 | Depths:1 | Gained mutation: Your muscles are strong. (Str +4, Int/Dex
                  | -1) [potion of mutation]
 76786 | Depths:1 | Fell from the grace of Gozag
 76786 | Depths:1 | Became a worshipper of the Wu Jian Council
 76920 | Depths:3 | Voluntarily entered the Abyss.
 76944 | Abyss:1  | Found a corrupted altar of Lugonu.
 77080 | Abyss:1  | Found a corrupted altar of Lugonu.
 77133 | Abyss:1  | Reached * piety under Wu Jian
 77225 | Abyss:1  | Found a corrupted altar of Lugonu.
 77267 | Abyss:1  | Paralysed by accursed screaming for 1 turns
 77318 | Abyss:1  | Found a corrupted altar of Lugonu.
 77556 | Abyss:1  | Reached ** piety under Wu Jian
 77861 | Abyss:1  | Found a corrupted altar of Lugonu.
 77945 | Abyss:3  | Reached *** piety under Wu Jian
 78005 | Abyss:3  | Found a corrupted altar of Lugonu.
 78127 | Abyss:3  | Gained mutation: You are frail. (-10% HP) [a neqoxec]
 78143 | Abyss:3  | Reached **** piety under Wu Jian
 78166 | Abyss:3  | Got an abyssal rune of Zot
 78188 | Abyss:3  | Noticed an ancient lich
 78190 | Abyss:3  | Killed an ancient lich
 78218 | Depths:3 | Escaped the Abyss
 78302 | Pan      | Entered Pandemonium
 78503 | Pan      | Noticed Ityh the pandemonium lord
 78735 | Pan      | Got a demonic rune of Zot
 78827 | Pan      | Reached ***** piety under Wu Jian
 78842 | Pan      | Noticed Woodegi the pandemonium lord
 78851 | Pan      | Killed Woodegi the pandemonium lord
 78958 | Pan      | Reached skill level 27 in Fighting
 79101 | Pan      | Noticed Gauc the pandemonium lord
 79107 | Pan      | Killed Gauc the pandemonium lord
 79181 | Pan      | Reached ****** piety under Wu Jian
 79318 | Pan      | Found an exit through the horrors of the Abyss.
 79437 | Pan      | Reached skill level 1 in Evocations
 79520 | Pan      | Noticed Wusem the pandemonium lord
 79531 | Pan      | Entered the realm of Mnoleg.
 79696 | Pan      | Noticed Mnoleg
 79709 | Pan      | Killed Mnoleg
 79709 | Pan      | Gained mutation: You possess an exceptional clarity of
                  | mind. [a neqoxec]
 79830 | Pan      | Lost mutation: Your spells are a little harder to cast, but
                  | a little more powerful. [a neqoxec]
 79873 | Pan      | Reached skill level 5 in Evocations
 80036 | Pan      | Got a glowing rune of Zot
 80221 | Pan      | Found a runed translucent door.
 80242 | Pan      | Found a runed translucent door.
 80247 | Pan      | Found a runed translucent door.
 80345 | Pan      | Noticed Guibyps the pandemonium lord
 80532 | Pan      | Reached skill level 27 in Dodging
 80827 | Pan      | Gained mutation: Your magical capacity is low. (-10% MP) [a
                  | neqoxec]
 81095 | Pan      | Found Quon's Exquisite Manuscripts.
 81099 | Pan      | Found an opulent altar of Gozag.
 81112 | Pan      | Noticed Quon the pandemonium lord
 81284 | Pan      | Entered the realm of Gloorx Vloq.
 81432 | Pan      | Was forgiven by Gozag
 81688 | Pan      | Found an exit through the horrors of the Abyss.
 81740 | Pan      | Reached skill level 1 in Spellcasting
 82164 | Pan      | Reached skill level 10 in Stealth
 82409 | Pan      | Noticed Gloorx Vloq
 82413 | Pan      | Killed Gloorx Vloq
 82429 | Pan      | Got a dark rune of Zot
 82505 | Pan      | Reached skill level 10 in Evocations
 82520 | Pan      | Entered the realm of Cerebov.
 82558 | Pan      | Found an exit through the horrors of the Abyss.
 83248 | Pan      | Identified the ring of Sunlight {rN+ rCorr Dex+6 SInv}
 83508 | Pan      | Identified the +0 scale mail of Polytheism {rPois rC+
                  | Int+3}
 83650 | Pan      | Reached skill level 5 in Spellcasting
 83704 | Pan      | Identified the +0 robe of the Nexus {rCorr}
 83785 | Pan      | Identified the +0 hand axe of Iniuton {pain, *Noise rF+
                  | Dex+3 Stlth+}
 83786 | Pan      | Identified the +1 hand axe of Tuybbig {antimagic, rF+ rC-
                  | Int+3 Stlth+}
 83969 | Pan      | Found the +6 sword of Cerebov {flame}
 83969 | Pan      | Noticed Cerebov
 83969 | Pan      | Identified the +6 war axe of Compassion {protect, Fly rPois
                  | Str-3 Stlth-}
 83977 | Pan      | Killed Cerebov
 84070 | Pan      | Got a fiery rune of Zot
 84175 | Pan      | Entered the realm of Lom Lobon.
 84193 | Pan      | Found an exit through the horrors of the Abyss.
 84226 | Pan      | Found an ancient bone altar of Kikubaaqudgha.
 85095 | Pan      | Noticed Lom Lobon
 85097 | Pan      | Killed Lom Lobon
 85098 | Pan      | Reached skill level 27 in Shapeshifting
 85108 | Pan      | Got a magical rune of Zot
 85270 | Pan      | Took an exit into the Abyss.
 85270 | Abyss:3  | Escaped into the Abyss
 85325 | Abyss:4  | Found a corrupted altar of Lugonu.
 85345 | Depths:2 | Escaped the Abyss
 85419 | Hell     | Entered the Vestibule of Hell
 85419 | Hell     | Noticed Geryon
 85419 | Hell     | Found a gateway to the ashen valley of Gehenna.
 85498 | Hell     | Killed Geryon
 85548 | Hell     | Found a gateway to the freezing wastes of Cocytus.
 85749 | Hell     | Found a gateway to the decaying netherworld of Tartarus.
 85831 | Hell     | Found a gateway to the Iron City of Dis.
 85975 | Hell     | Acquired the ring of Cyxur {Ice Str+3 Int+4}
 86092 | Hell     | Learned a level 1 spell: Apportation
 86117 | Tar:1    | Entered Level 1 of Tartarus
 86137 | Tar:2    | Reached skill level 1 in Translocations
 86139 | Tar:2    | Reached skill level 15 in Stealth
 86343 | Tar:3    | Reached skill level 5 in Translocations
 86730 | Tar:5    | Reached skill level 10 in Spellcasting
 87112 | Tar:7    | Entered Level 7 of Tartarus
 87154 | Tar:7    | Noticed a dread lich
 87158 | Tar:7    | Killed a dread lich
 87262 | Tar:7    | Noticed an ancient lich
 87266 | Tar:7    | Killed an ancient lich
 87270 | Tar:7    | Noticed Ereshkigal
 87271 | Tar:7    | Noticed an ancient lich
 87279 | Tar:7    | Killed Ereshkigal
 87464 | Tar:7    | Killed an ancient lich
 87751 | Tar:7    | Found the +2 hood of the Assassin {Detect Stab+ Stlth++}
 87810 | Tar:7    | Identified the +10 glaive of Dissatisfaction {drain, *Slow
                  | rCorr Dex+4}
 87955 | Tar:7    | Got a bone rune of Zot
 88041 | Tar:7    | Reached skill level 10 in Translocations
 88193 | Tar:7    | Got the Spellbook of Inhalation and Charms
 88281 | Tar:7    | Reached skill level 15 in Evocations
 88504 | Tar:7    | Identified the staff "Murmur" {rElec Str-4 Int+5 Earth}
 88527 | Tar:7    | Got Viruochi's Precepts of the Dense Salvo
 88847 | Tar:7    | Identified the +7 shortbow of the Warrior-Mage {drain,
                  | Str+3 Int+3 Dex-2}
 88849 | Tar:7    | Identified the death talisman of Getugis {rF++ Str+3 Int-2
                  | Stlth+}
 88850 | Tar:7    | Identified the staff of Bunuce Uvo {Int+3 Earth}
 88945 | Coc:1    | Entered Level 1 of Cocytus
 90614 | Coc:7    | Entered Level 7 of Cocytus
 90636 | Coc:7    | Reached skill level 15 in Spellcasting
 90848 | Coc:7    | Noticed the Serpent of Hell
 90855 | Coc:7    | Killed the Serpent of Hell
 91035 | Coc:7    | Reached skill level 15 in Translocations
 91414 | Coc:7    | Identified the staff "Jujarres" {rElec Conj Alchemy}
 91702 | Coc:7    | Identified the ring of Voekhih {Ice rN+ Dex+3 Slay+2}
 91801 | Coc:7    | Noticed Antaeus
 91812 | Coc:7    | Killed Antaeus
 91977 | Coc:7    | Got the Guidebook on Caustic Geology
 91979 | Coc:7    | Got an icy rune of Zot
 92077 | Coc:7    | Identified the +0 executioner's axe "Spider's Death"
                  | {speed, +Blink Str+3 SInv}
 92078 | Coc:7    | Identified the staff of the Feeding Gods {rF+ rN+ Str-3
                  | Summ Necro Fire}
 92260 | Geh:1    | Entered Level 1 of Gehenna
 93108 | Geh:5    | Noticed a dread lich
 93108 | Geh:5    | Noticed a dread lich
 93108 | Geh:5    | Noticed an ancient lich
 93108 | Geh:5    | Noticed an ancient lich
 93108 | Geh:5    | Noticed a dread lich
 93108 | Geh:5    | Noticed a dread lich
 93190 | Hell     | Lost mutation: You are partially covered in large bone
                  | plates. (SH +4) [potion of mutation]
 93190 | Hell     | Lost mutation: You are frail. (-10% HP) [potion of
                  | mutation]
 93190 | Hell     | Gained mutation: You are agile. (Dex +4, Str/Int -1)
                  | [potion of mutation]
 93190 | Hell     | Lost mutation: Your magical capacity is low. (-10% MP)
                  | [potion of mutation]
 93190 | Hell     | Gained mutation: You are very agile. (Dex +8, Str/Int -2)
                  | [potion of mutation]
 93228 | Dis:1    | Entered Level 1 of the Iron City of Dis
 93490 | Dis:2    | You are sucked into a shaft and drop 1 floor!
 94268 | Dis:7    | Entered Level 7 of the Iron City of Dis
 95108 | Dis:7    | Identified the +10 great sword "Taexiem" {drain, rElec
                  | Str+2 Dex+6}
 95255 | Dis:7    | Noticed a juggernaut
 95396 | Dis:7    | Noticed a juggernaut
 95404 | Dis:7    | Killed a juggernaut
 95621 | Dis:7    | Killed a juggernaut
 95930 | Dis:7    | Noticed Dispater
 95936 | Dis:7    | Killed Dispater
 95958 | Dis:7    | Identified the amulet of Quyke {Spirit rCorr Dex+3}
 95962 | Dis:7    | Got an iron rune of Zot
 95963 | Dis:7    | Identified the +2 ring mail of the Trilobite {rElec Will+
                  | Slay+2}
 95965 | Dis:7    | Identified the ring of Emnuig {rPois Dex+2 SInv}
 96435 | Geh:5    | Killed a dread lich
 96435 | Geh:5    | Killed a dread lich
 96435 | Geh:5    | Killed a dread lich
 96435 | Geh:5    | Killed a dread lich
 96441 | Geh:5    | Killed an ancient lich
 96446 | Geh:5    | Killed an ancient lich
 96677 | Geh:7    | Entered Level 7 of Gehenna
 97259 | Geh:7    | Found the +13 sceptre of Asmodeus
 97259 | Geh:7    | Noticed Asmodeus
 97268 | Geh:7    | Killed Asmodeus
 97280 | Geh:7    | Identified the +9 sling "Axkengesm" {flame, rPois Str+4
                  | SInv}
 97280 | Geh:7    | Identified the +6 long sword of Yrrakusi {protect, rPois
                  | rN+++ Will- rCorr}
 97280 | Geh:7    | Identified the amulet of Nattoxog {rF+ Regen+ Str+10 Int-5}
 97299 | Geh:7    | Identified the ring of Joymao Atta {rF+ Int+3}
 97305 | Geh:7    | Got Lepneask's Octavo of the Poisonous Tundra
 97318 | Geh:7    | Got the Compendium of Maleficia
 97327 | Geh:7    | Identified the ring "Uschipt" {rElec Int+6 SInv}
 97336 | Geh:7    | Identified the ring "Zodoash" {*Corrode rF+ MP+9 Stlth+}
 97351 | Geh:7    | Got an obsidian rune of Zot
 99107 | Snake:3  | Bought a +6 ring of dexterity for 540 gold pieces
 99731 | Tomb:1   | Entered Level 1 of the Tomb of the Ancients
 99781 | Tomb:1   | Reached skill level 1 in Shields
100028 | Tomb:1   | Reached skill level 5 in Shields
100095 | Tomb:1   | Noticed a royal mummy
100105 | Tomb:1   | Killed a royal mummy
100208 | Tomb:1   | Learned a level 6 spell: Dispersal
100623 | Tomb:2   | Noticed a royal mummy
100630 | Tomb:2   | Noticed a royal mummy
100630 | Tomb:2   | Noticed a royal mummy
100631 | Tomb:2   | Noticed a royal mummy
100636 | Tomb:2   | Killed a royal mummy
100636 | Tomb:2   | Killed a royal mummy
100641 | Tomb:2   | Killed a royal mummy
100642 | Tomb:2   | Killed a royal mummy
100937 | Tomb:1   | Noticed a royal mummy
100937 | Tomb:1   | Noticed a royal mummy
100944 | Tomb:1   | Killed a royal mummy
100946 | Tomb:1   | Killed a royal mummy
100947 | Tomb:1   | Reached skill level 10 in Shields
100949 | Tomb:1   | Noticed a royal mummy
100959 | Tomb:1   | Killed a royal mummy
100960 | Tomb:1   | Noticed a royal mummy
100963 | Tomb:1   | Noticed a royal mummy
100966 | Tomb:1   | Killed a royal mummy
100971 | Tomb:1   | Killed a royal mummy
100975 | Tomb:1   | Noticed a royal mummy
100980 | Tomb:1   | Killed a royal mummy
101011 | Tomb:1   | Noticed a royal mummy
101017 | Tomb:1   | Killed a royal mummy
101065 | Tomb:1   | Noticed a royal mummy
101066 | Tomb:1   | Noticed a royal mummy
101073 | Tomb:1   | Killed a royal mummy
101073 | Tomb:1   | Noticed a royal mummy
101074 | Tomb:1   | Noticed a royal mummy
101080 | Tomb:1   | Killed a royal mummy
101097 | Tomb:1   | Killed a royal mummy
101102 | Tomb:1   | Killed a royal mummy
102347 | Tomb:3   | Entered Level 3 of the Tomb of the Ancients
102357 | Tomb:3   | Noticed a royal mummy
102357 | Tomb:3   | Noticed a royal mummy
102364 | Tomb:3   | Noticed a royal mummy
102366 | Tomb:3   | Noticed a royal mummy
102367 | Tomb:3   | Noticed a royal mummy
102369 | Tomb:3   | Noticed a royal mummy
102369 | Tomb:3   | Noticed a royal mummy
102369 | Tomb:3   | Noticed a royal mummy
102374 | Tomb:3   | Killed a royal mummy
102411 | Tomb:3   | Killed a royal mummy
102425 | Tomb:3   | Killed a royal mummy
102429 | Tomb:3   | Killed a royal mummy
102441 | Tomb:3   | Killed a royal mummy
102442 | Tomb:3   | Reached skill level 15 in Shields
102449 | Tomb:3   | Killed a royal mummy
102488 | Tomb:3   | Killed a royal mummy
102496 | Tomb:3   | Killed a royal mummy
102649 | Tomb:3   | Identified the amulet "Ycagaun" {Faith rPois Dex+5}
102795 | Tomb:3   | Got a golden rune of Zot
102848 | Tomb:3   | Got the Octavo of the Gargoyle and Location
102852 | Tomb:3   | Identified the +0 hat of the Holding Gods {Regen+ Int+2
                  | Slay+2}
102901 | Tomb:3   | Identified the +3 mace of Slow Death {speed, Str+3}
102903 | Tomb:3   | Identified the +5 hand axe of Forr {heavy, rCorr Int+3}
103008 | Tomb:3   | Identified the +1 leather armour of Beogh's Generosity
                  | {Dex+4}
103780 | Zig:1    | Entered Level 1 of a ziggurat
103797 | Zig:2    | Entered Level 2 of a ziggurat
103813 | Zig:2    | Identified the ring "Biubat" {^Contam rPois rN+ Will+}
103823 | Zig:3    | Entered Level 3 of a ziggurat
103860 | Zig:4    | Entered Level 4 of a ziggurat
103880 | Zig:4    | Identified the ring of New Discoveries {Ice rN+ Str+3
                  | Int+3}
103889 | Zig:5    | Entered Level 5 of a ziggurat
103947 | Zig:6    | Entered Level 6 of a ziggurat
103993 | Zig:6    | Identified the ring "Aschigg" {rPois Dex+2}
103997 | Zig:7    | Entered Level 7 of a ziggurat
104000 | Zig:7    | Noticed Irini the pandemonium lord
104011 | Zig:7    | Killed Irini the pandemonium lord
104035 | Zig:7    | Identified the +4 scale mail of Muttered Phrases {-Tele
                  | Dex+5}
104074 | Zig:8    | Entered Level 8 of a ziggurat
104155 | Zig:8    | Identified the staff "Orb Guardian's Doom" {Fly rF+ Stlth-
                  | Fire Earth}
104158 | Zig:8    | Identified the ring "Pupotom" {^Drain rPois rF+ rCorr
                  | Str+2}
104173 | Zig:9    | Entered Level 9 of a ziggurat
104197 | Zig:9    | Identified the +0 robe of Creativity {rElec Dex+2}
104218 | Zig:10   | Entered Level 10 of a ziggurat
104255 | Zig:10   | Identified the +4 sling of Inquiry {antimagic, rN+ rCorr
                  | Dex-5}
104275 | Zig:10   | Learned a level 2 spell: Blink
104280 | Zig:10   | Learned a level 4 spell: Passage of Golubria
104283 | Zig:11   | Entered Level 11 of a ziggurat
104294 | Zig:11   | Noticed Xas Von the pandemonium lord
104304 | Zig:11   | Killed Xas Von the pandemonium lord
104323 | Zig:11   | Identified the ring "Mamimeul" {rC++ SInv}
104436 | Zig:12   | Entered Level 12 of a ziggurat
104510 | Zig:12   | Identified the +3 short sword of Innocence {chaos, Str+4}
104516 | Zig:12   | Identified the +3 spear of Ghostly Expedience {venom, rPois
                  | SInv}
104577 | Zig:13   | Entered Level 13 of a ziggurat
104677 | Zig:13   | Identified the +3 arbalest "Ilavaack" {flame, rC++ rCorr
                  | SInv Stlth-}
104679 | Zig:13   | Identified the ring "Kytegist" {rElec rCorr Str+6 Dex+2}
104692 | Zig:13   | Identified the +9 arbalest "Buppug" {freeze, rF+ rCorr
                  | Str+3}
104700 | Zig:14   | Entered Level 14 of a ziggurat
104706 | Zig:14   | Noticed an ancient lich
104711 | Zig:14   | Killed an ancient lich
104765 | Zig:14   | Identified the +3 ring mail of Qaebral {Rampage rElec rC+
                  | Will-}
104771 | Zig:14   | Identified the +6 demon blade "Mabliroi" {flame, *Slow rC++
                  | Dex+3}
104778 | Zig:15   | Entered Level 15 of a ziggurat
104783 | Zig:15   | Noticed an ancient lich
104784 | Zig:15   | Noticed a dread lich
104785 | Zig:15   | Noticed an ancient lich
104785 | Zig:15   | Noticed an ancient lich
104788 | Zig:15   | Killed an ancient lich
104790 | Zig:15   | Killed a dread lich
104801 | Zig:15   | Killed an ancient lich
104812 | Zig:15   | Killed an ancient lich
104830 | Zig:15   | Identified the staff of the Median {rElec Int+4 Air}
104866 | Zig:15   | Learned a level 5 spell: Silence
104871 | Zig:15   | Reached skill level 5 in Hexes
104890 | Zig:16   | Entered Level 16 of a ziggurat
104898 | Zig:16   | Noticed a royal mummy
104899 | Zig:16   | Noticed a royal mummy
104899 | Zig:16   | Noticed a royal mummy
104902 | Zig:16   | Killed a royal mummy
104902 | Zig:16   | Noticed a royal mummy
104902 | Zig:16   | Noticed a royal mummy
104903 | Zig:16   | Reached skill level 1 in Air Magic
104905 | Zig:16   | Killed a royal mummy
104909 | Zig:16   | Noticed a royal mummy
104911 | Zig:16   | Killed a royal mummy
104912 | Zig:16   | Killed a royal mummy
104915 | Zig:16   | Killed a royal mummy
104924 | Zig:16   | Killed a royal mummy
104980 | Zig:16   | Identified the staff of Royalism {rN+ Dex+3 Conj}
104982 | Zig:16   | Identified the +3 mace "Ultimatum" {pain, rN+ Stlth+}
104985 | Zig:16   | Identified the +9 sling "Kyeluasa" {drain, Int+7}
104995 | Zig:16   | Identified the staff "Kyonus" {^Drain rPois rN+ Stlth-
                  | Hexes Necro}
104996 | Zig:16   | Identified the amulet of Doubts {rElec RegenMP+ Stlth+}
105014 | Zig:17   | Entered Level 17 of a ziggurat
105074 | Zig:17   | Identified the +1 great sword of Disembowelment {spect,
                  | rPois Str+3}
105078 | Zig:17   | Identified the +3 scimitar "Doarph" {drain, +Blink Fly}
105147 | Zig:17   | Reached skill level 5 in Air Magic
105158 | Zig:18   | Entered Level 18 of a ziggurat
105168 | Zig:18   | Noticed a royal mummy
105168 | Zig:18   | Noticed a royal mummy
105170 | Zig:18   | Noticed a royal mummy
105174 | Zig:18   | Noticed a royal mummy
105174 | Zig:18   | Noticed a royal mummy
105175 | Zig:18   | Noticed a royal mummy
105178 | Zig:18   | Killed a royal mummy
105178 | Zig:18   | Killed a royal mummy
105180 | Zig:18   | Killed a royal mummy
105182 | Zig:18   | Killed a royal mummy
105188 | Zig:18   | Killed a royal mummy
105192 | Zig:18   | Killed a royal mummy
105273 | Zig:18   | Identified the +1 shortbow of Mayhem {drain, rF++ Will+}
105324 | Zig:18   | Identified the +4 trident "Casupowk" {freeze, rCorr Dex+4}
105333 | Zig:18   | Identified the ring "Hicecs" {rElec rPois MP+9 SInv}
105357 | Zig:18   | Learned a level 8 spell: Disjunction
105368 | Zig:19   | Entered Level 19 of a ziggurat
105374 | Zig:19   | Noticed Nybbelue the pandemonium lord
105378 | Zig:19   | Noticed Goaguhia the pandemonium lord
105383 | Zig:19   | Noticed Ynoze the pandemonium lord
105386 | Zig:19   | Killed Nybbelue the pandemonium lord
105387 | Zig:19   | Killed Goaguhia the pandemonium lord
105388 | Zig:19   | Noticed Xudotex the pandemonium lord
105388 | Zig:19   | Noticed Luag the pandemonium lord
105389 | Zig:19   | Noticed Naloileh the pandemonium lord
105390 | Zig:19   | Killed Ynoze the pandemonium lord
105392 | Zig:19   | Noticed Muuliog the pandemonium lord
105392 | Zig:19   | Killed Xudotex the pandemonium lord
105392 | Zig:19   | Killed Luag the pandemonium lord
105395 | Zig:19   | Killed Naloileh the pandemonium lord
105404 | Zig:19   | Killed Muuliog the pandemonium lord
105414 | Zig:19   | Found the +2 pair of slick slippers {slick, slippery, EV+4}
105445 | Zig:19   | Identified the staff of the Endless March {rElec rPois
                  | Str+4 Air}
105446 | Zig:19   | Identified the staff of Invincibility {rElec rF+ rC- Int+3
                  | Air}
105494 | Zig:20   | Entered Level 20 of a ziggurat
105508 | Zig:20   | Noticed Oropnan the pandemonium lord
105509 | Zig:20   | Reached skill level 10 in Hexes
105519 | Zig:20   | Killed Oropnan the pandemonium lord
105525 | Zig:20   | Reached skill level 27 in Shields
105530 | Zig:20   | Reached skill level 10 in Air Magic
105541 | Zig:20   | Identified the +10 war axe of Othuu {spect, rC+ Will+}
105559 | Zig:20   | Identified the +1 scimitar of Cuyr {protect, rPois Str+3}
105563 | Zig:20   | Identified the +9 great sword of Termination {heavy, rCorr}
105564 | Zig:20   | Identified the +7 broad axe "Guple" {speed, rPois rF+ rN+
                  | Int+2}
105626 | Zig:21   | Entered Level 21 of a ziggurat
105831 | Zig:21   | Identified the staff "Daing" {Will+ Stlth+ Earth}
105834 | Zig:21   | Identified the +1 longbow "Pofiem" {freeze, MP+9 Dex+3}
105903 | Zig:22   | Entered Level 22 of a ziggurat
105919 | Zig:22   | Found the +3 greatsling "Punk" {acid, rCorr}
105955 | Zig:22   | Killed from afar by a salamander tyrant

Illustrated notes

Levels and vault maps discovered:
D:1:      dpeg_arrival_prison, layout_loops_cross
D:2:      layout_basic, basic_altar
D:3:      layout_basic, grunt_gozag_breadcrumbs, nicolae_uskayaw_en_pointe,
          grunt_dithmenos_smoke_and_mirrors, kennysheep_slug_shrine,
          serial_bayou_lake_a
D:4:      layout_rooms, mainiacjoe_overflow_brackets, marbit_many_paths,
          minmay_vboxes
D:5:      layout_cave_pools, general_overflow_altar,
          nicolae_qazlal_style_of_elements, mainiacjoe_overflow_tiny_flanked,
          nicolae_tricolors, uniq_sigmund
D:6:      layout_loops_ring, lemuel_temple_firewalk_b,
          cheibrodos_sewer_entry_drain, serial_shops, shop,
          lightli_ossuary_entry_decrepit_ruins, uniq_eustachio
D:7:      minmay_recursive_quarters, layout_cave_pools, tso_metal_star,
          hangedman_decor_peaks_small
D:8:      layout_basic, mainiacjoe_overflow_paths, serial_shops, shop,
          minmay_crystal_room, uniq_pikel
D:9:      layout_roguey, okawaru_humans, grunt_nemelex_the_gamble,
          lemuel_doored_altar, due_lair_maze_entry_diamond, orc_0_dummy,
          uniq_gastronok
D:10:     layout_roguey [special_room_orc]
D:11:     layout_rooms, uniq_snorg
D:12:     layout_stronghold, uniq_rupert, uniq_maurice
D:13:     layout_cave_pools, grunt_vaults_entry_fortified
D:14:     layout_grid_maze
D:15:     grunt_enter_depths_giant_problem, layout_loops_corners,
          fedhas_altar_fruit_tree
Lair:1:   layout_cave_pods, disabler_island, infiniplex_staircase_pool_2,
          grunt_megastairs_1, serial_bayou_shore_b, lemuel_fruit_tree
Lair:2:   layout_regular_city, elwin_shoals_entry_stream,
          minmay_snake_entry_guardpost_medium, uniq_maggie
Lair:3:   layout_chaotic_city
Lair:4:   layout_loops_ring, bobbens_ice_dragon_lair
Lair:5:   evil_forest, layout_regular_city, slime_entry_1
Shoals:1: layout_shoals, ebering_ghost_inner_flame, uniq_nikola
Shoals:2: layout_shoals, portal_ice_cave_entry_pillars_2
Shoals:3: layout_shoals, uniq_roxanne, uniq_mlioglotl
Shoals:4: shoals_end_simple, layout_shoals, nicolae_shop_overcharged_wands
Snake:1:  layout_onion, serial_bayou_shore_a
Snake:2:  layout_onion_interference, minmay_shop_grid_forest,
          nicolae_triple_integral, uniq_louise, uniq_aizul
Snake:3:  layout_gridlike, gammafunk_ghost_wrathful_warriors, minmay_shop_grove,
          serial_bayou_shore_b
Snake:4:  grunt_snake_rune_pools, layout_gridlike, uniq_agnes
Slime:1:  layout_caves
Slime:2:  layout_caves
Slime:3:  layout_caves, nicolae_slime_phagocytosis
Slime:4:  layout_caves
Slime:5:  slime_pit_nicolae_royal_road_to_ruin
Orc:1:    layout_diamond_mine, uniq_erolcha
Orc:2:    grunt_orc_community_town_hall, layout_caves,
          grunt_orc_community_big_house_2, grunt_orc_community_big_house_2,
          grunt_orc_community_house_1, grunt_orc_community_house_2,
          grunt_orc_community_house_3, grunt_orc_community_house_3,
          grunt_orc_community_house_1, gammafunk_ghost_grave, serial_shops,
          nicolae_shop_tiny_waterfront, minmay_orc_temple_a
Elf:1:    layout_loops_ring, minmay_elf_annihilation
Elf:2:    nicolae_elf_blades_splatter_lattice [nicolae_blade_tridents],
          layout_geoelf_diagonals
Elf:3:    elf_hall, layout_loops_corners, serial_sigils,
          serial_sigils_hangedman_gnaw, serial_sigils_hangedman_writhe,
          serial_sigils_hangedman_quiver, serial_sigils_hangedman_shear,
          serial_sigils_hangedman_scratch, uniq_zenata
Vaults:1: v_alt_pattern_3, grunt_vaults_trifunnel,
          nicolae_vaults_fighting_squares, nicolae_vaults_tetromino_Z_2,
          ontoclasm_vaults_claustrophobia, nicolae_vaults_six-pack,
          grunt_vaults_hallway_long, nicolae_vaults_network_periphery,
          nicolae_vaults_trapezoid_4, nicolae_vaults_layer_cake_slice,
          vaults_room_door_hall, nicolae_vaults_tangram_1, vaults_mumra_lcd,
          vaults_standard_mumra_lines, ontoclasm_vaults_misaligned,
          layout_vaults_ring
Vaults:2: nicolae_vaults_door_testing_chamber, v_misc_26, gammafunk_its_a_trap,
          hangedman_vaults_slice, nicolae_vaults_stairing_the_circle,
          nicolae_vaults_more_shelving_2, nicolae_vaults_hallways_thing,
          v_misc_23, hangedman_vaults_slice, blue_anna_dwarven_crypt,
          layout_vaults_omnibox, uniq_mennas, uniq_frederick
Vaults:3: hangedman_vaults_corner_blocks, nicolae_vaults_turnstiles,
          v_pattern_3, ontoclasm_vaults_spin, nicolae_vaults_storage_room_glass,
          v_misc_18, layout_vaults_omnigrid
Vaults:4: minmay_guarded_unrand_sword_of_power,
          nicolae_vaults_storage_closets_3, v_misc_12, nicolae_vaults_asterisk,
          ontoclasm_vaults_fault, nicolae_vaults_tetromino_T_2,
          nicolae_vaults_two_Ls, grunt_vaults_funnel, ontoclasm_vaults_shuriken,
          hangedman_vaults_restitches, nicolae_vaults_tetromino_L_2,
          nicolae_vaults_border_crossing, nicolae_vaults_storage_closets_2,
          layout_vaults_big_room, uniq_donald
Vaults:5
Crypt:1:  layout_gridlike, grunt_ministairs_14, nicolae_crypt_more_like_crabt,
          grunt_crypt_arrival_webbed, roderic_lattice_octagonal_star
Crypt:2:  layout_misc_corridors, grunt_ministairs_15
Crypt:3:  grunt_crypt_end_deaths_head
Tomb:1
Tomb:2
Tomb:3
Depths:1: layout_basic, serial_shops, nicolae_shop_statue_plus, pan_entry,
          solitary_fountain, hell_entry, nicolae_wu_jian_wuxing_cycle,
          uniq_bai_suzhen, uniq_enchantress
Depths:2: minmay_shrinking_squares, layout_gridlike, nrook_mini_backslash,
          grunt_pan_entry_in_and_out, hellmouth_1,
          infiniplex_staircase_zigzag_2, minmay_shoptagon, firewood_loft
Depths:3: nicolae_aperiodic_l_corner, layout_basic, wad_floor_pattern_2,
          lightli_too_deep, abyss_entry, uniq_josephina, uniq_margery
Depths:4: grunt_zot_entry_bicorn, layout_cave_shapes, enter_ziggurat_c,
          gammafunk_ghost_smash, minmay_misc_feat_plants,
          hangedman_coc_ice_floe, grunt_ministairs_3, uniq_grunn
Hell
Dis:1:    layout_overlapping_boxes, nicolae_dis_emergency_hatch
Dis:2:    layout_regular_city, nicolae_dis_distal_crystal
Dis:3:    nicolae_dis_heavy_handed_symbolism
Dis:4:    layout_regular_city, nicolae_dis_spooky_hallway
Dis:5:    layout_subdivisions
Dis:6:    layout_gridville
Dis:7:    dis_grunt_layers
Geh:1:    layout_gehenna_pools_box
Geh:2:    layout_gehenna_pools_box
Geh:3:    nicolae_geh_seventh_circle, layout_gehenna_pools_basic
Geh:4:    layout_gehenna_lava_caves
Geh:5:    layout_gehenna_pools_box, nicolae_geh_liches_on_tour
Geh:6:    layout_gehenna_pools_triple
Geh:7:    geh_mu
Coc:1:    layout_ice_bergs
Coc:2:    layout_cocytus_water_paths
Coc:3:    layout_ice_bergs
Coc:4:    layout_cocytus_water_paths
Coc:5:    nicolae_hells_giants_party, layout_cocytus_water_paths
Coc:6:    layout_ice_bergs
Coc:7:    coc_mu
Tar:1:    layout_grid_maze
Tar:2:    nicolae_hells_demon_pit, layout_cathedral_of_symmetry
Tar:3:    nicolae_tar_funeral_procession, layout_cathedral_of_symmetry,
          nicolae_tar_cuneiform_two
Tar:4:    layout_grid_maze
Tar:5:    layout_catacombs, nicolae_tar_four_comb_rooms
Tar:6:    layout_cathedral_of_symmetry
Tar:7:    tar_old
Zot:1:    layout_gridlike, gammafunk_ghost_split, nicolae_rock_paper_scissors
Zot:2:    layout_concentric_octagons, regret_index_zotdec_onion_hex
Zot:3:    layout_concentric_octagons, regret_index_zotdec_barnacled_simple,
          ebering_ghost_reflecting_pool, st_stairs_3
Zot:4:    layout_basic, regret_index_zotdec_glowing_original,
          regret_index_zotdec_banners
Zot:5:    layout_onion
Zig:22

Skill      XL: |  1  2  3  4  5  6  7  8  9 10 11 12 13 14 15 16 17 18 19 20 21 22 23 24 25 26 27 |
---------------+----------------------------------------------------------------------------------+-----
Fighting       | 2 3 6 8 9 10 11 12 13 15 17 18 19 20 21 27 | 27.0
Shapeshifting  | 4 5 6 8 10 12 14 15 17 18 19 20 22 24 25 27 | 27.0
Unarmed Combat | 4 6 8 9 10 12 14 15 17 19 21 22 24 26 27 | 27.0
Dodging        | 3 5 6 7 8 9 10 11 13 14 15 17 18 27 | 27.0
Stealth        | 5 6 7 9 15 | 15.0
Evocations     | 22 | 22.6
Spellcasting   | 21 | 21.7
Translocations | 22 | 22.2
Shields        | 27 | 27.0
Hexes          | 10 | 10.0
Air Magic      | 10 | 10.0

Action                     |  1- 3 |  4- 6 |  7- 9 | 10-12 | 13-15 | 16-18 | 19-21 | 22-24 | 25-27 || total
---------------------------+-------+-------+-------+-------+-------+-------+-------+-------+-------++-------
  Melee: Unarmed           |    66 |    84 |   243 |   221 |   692 |   506 |  1186 |   844 |  5662 ||  9504
         Constrict         |    20 |    27 |    83 |    42 |   156 |     7 |       |       |   234 ||   569
         Punch             |     4 |     2 |    16 |     1 |       |    36 |   105 |   112 |  1154 ||  1430
         Tentacles         |     9 |    24 |    55 |       |       |       |       |       |   365 ||   453
         Tailslap          |       |       |       |       |       |    81 |   217 |   157 |   862 ||  1317
         Bite              |       |       |       |       |       |    53 |   160 |   105 |   611 ||   929
  Throw: Dart              |       |       |     7 |       |       |       |       |       |       ||     7
   Cast: Apportation       |       |       |       |       |       |       |       |       |     1 ||     1
 Invoke: Potion Petition   |       |       |       |     1 |     1 |     2 |       |       |       ||     4
         Call Merchant     |       |       |       |       |       |     3 |     3 |     3 |     4 ||    13
         Serpent's Lash    |       |       |       |       |       |       |       |       |    28 ||    28
         Heavenly Storm    |       |       |       |       |       |       |       |       |    28 ||    28
Ability: Breathe Fire      |       |       |       |       |       |     2 |     2 |     1 |     1 ||     6
         Whirlwind         |       |       |       |       |       |       |       |       |   957 ||   957
         Lunge             |       |       |       |       |       |       |       |       |   527 ||   527
         Wall Jump         |       |       |       |       |       |       |       |       |     6 ||     6
  Evoke: Wand              |       |     1 |     2 |     9 |    23 |     9 |       |     2 |    18 ||    64
         Lightning rod     |       |       |       |       |       |       |       |       |     6 ||     6
         Tin of tremorston |       |       |       |       |       |       |       |       |     5 ||     5
         Horn of Geryon    |       |       |       |       |       |       |       |       |     1 ||     1
         Sack of spiders   |       |       |       |       |       |       |       |       |     1 ||     1
         Phantom mirror    |       |       |       |       |       |       |       |       |     1 ||     1
    Use: Potion            |       |       |     3 |     3 |     5 |     2 |    11 |     9 |    37 ||    70
         Scroll            |       |       |     1 |     7 |     1 |    13 |    15 |    15 |    65 ||   117
   Stab: Sleeping          |     7 |    12 |     6 |       |     2 |     4 |    29 |    22 |    83 ||   165
         Distracted        |       |     2 |       |     1 |     1 |     9 |    20 |    16 |   106 ||   155
         Invisible         |       |       |       |       |     9 |       |       |       |     1 ||    10
 Armour: Skin              |    13 |    15 |   124 |   152 |   351 |   274 |   666 |   497 |  1670 ||  3762
  Dodge: Dodged            |    31 |    60 |   174 |   143 |   594 |   370 |   900 |   513 |  3148 ||  5933
  Block: Tower shield      |       |       |       |       |       |       |       |       |  1130 ||  1130
   Form: Serpent           |       |       |     1 |     1 |       |       |     1 |       |       ||     3
         Blade             |       |       |       |     1 |       |       |       |       |       ||     1
         Maw               |       |       |       |     1 |       |       |       |       |       ||     1
         Dragon            |       |       |       |       |       |     1 |     1 |       |     2 ||     4
         Death             |       |       |       |       |       |       |       |       |     8 ||     8
                           |       |       |       |       |       |       |       |       |     5 ||     5

Table legend: (Time is in decaauts)
 A = Elapsed time spent in this place.
 B = Non-inter-level travel time spent in this place.
 C = Inter-level travel time spent in this place.
 D = Time resting spent in this place.
 E = Time spent auto-exploring this place.
 F = Levels seen in this place.
 G = Mean time per level.
                   A        B        C        D        E       F      G
               +--------+--------+--------+--------+--------+-----+--------+
         Total | 103850 |  92037 |  11813 |  13685 |  54184 | 137 |  758.0 |
       Dungeon |  21522 |  17625 |   3897 |   2886 |  10877 |  15 | 1434.8 |
          Lair |   6832 |   6024 |    808 |    659 |   4422 |   5 | 1366.4 |
        Shoals |   6304 |   6166 |    138 |    854 |   4028 |   4 | 1576.0 |
     Snake Pit |   6459 |   5783 |    676 |   1508 |   3259 |   4 | 1614.8 |
    Slime Pits |   4273 |   3955 |    318 |    694 |   1514 |   5 |  854.6 |
  Orcish Mines |   3520 |   3249 |    271 |    404 |   2219 |   2 | 1760.0 |
   Elven Halls |   3607 |   3315 |    292 |    238 |   2331 |   3 | 1202.3 |
        Vaults |   8947 |   7320 |   1627 |    310 |   5360 |   5 | 1789.4 |
         Crypt |   3287 |   2889 |    398 |    320 |   2032 |   3 | 1095.7 |
          Tomb |   3522 |   2680 |    842 |    558 |   1060 |   3 | 1174.0 |
        Depths |   5448 |   4487 |    961 |    228 |   3441 |   4 | 1362.0 |
          Hell |    998 |    731 |    267 |     61 |    492 |   1 |  998.0 |
           Dis |   2908 |   2662 |    246 |    648 |    943 |   7 |  415.4 |
       Gehenna |   2649 |   2371 |    278 |    286 |   1265 |   7 |  378.4 |
       Cocytus |   2974 |   2794 |    180 |    814 |   1150 |   7 |  424.9 |
      Tartarus |   2791 |   2584 |    207 |   1053 |   1012 |   7 |  398.7 |
           Zot |   5854 |   5455 |    399 |    720 |   3804 |   5 | 1170.8 |
         Abyss |   1268 |   1268 |      0 |     23 |    643 |   5 |  253.6 |
   Pandemonium |   6695 |   6695 |      0 |    667 |   3122 |  20 |  334.8 |
      Ziggurat |   2068 |   2068 |      0 |    249 |    736 |  22 |   94.0 |
         Sewer |    343 |    343 |      0 |      0 |     10 |   1 |  343.0 |
       Ossuary |    233 |    233 |      0 |      0 |    143 |   1 |  233.0 |
      Ice Cave |   1338 |   1338 |      0 |    499 |    318 |   1 | 1338.0 |
               +--------+--------+--------+--------+--------+-----+--------+

Top non-repeatable levels by time:
    D:15: 3012 daAuts
 Snake:4: 2635 daAuts
    D:12: 2294 daAuts
    D:13: 2177 daAuts
Vaults:5: 2092 daAuts
Vaults:2: 1995 daAuts
Vaults:1: 1946 daAuts
   Dis:7: 1910 daAuts
     D:9: 1904 daAuts
  Lair:5: 1790 daAuts
   Tar:7: 1785 daAuts
Shoals:4: 1784 daAuts
   Orc:1: 1783 daAuts
  Tomb:1: 1776 daAuts
    D:14: 1753 daAuts
